 Dungeon Crawl Stone Soup version 0.32-a0-427-g448f42529f (webtiles) character file.

Game seed: 6752854841665540109

1552828 EnegeticOcto the Sluggish Gnoll (level 26, 213/213 HPs)
             Began as a Gnoll Alchemist on Feb 22, 2024.
             Was an Initiate of Cheibriados.
             Escaped with the Orb
             ... and 3 runes!
             The game lasted 02:10:42 (77952 turns).

EnegeticOcto the Sluggish Gnoll (Gnoll Alchemist)  Turns: 77952, Time: 02:10:42

Health: 213/213    AC: 32    Str:  9    XL:     26   Next: 97%
Magic:  49/64      EV: 15    Int: 28    God:    Cheibriados [......]
Gold:   3207       SH: 20    Dex: 16    Spells: 4/63 levels left

rFire   + + .        J - +4 hand cannon of Calamity {freeze, +Blink Fly Will+}
rCold   + . .        P - +5 kite shield {rC+}
rNeg    + . .        O - +6 scale mail of Fimmoac Kox {rC+ MP+9}
rPois   +            Y - +2 helmet {Int+3}
rElec   +            a - +2 ratskin cloak {*Rats rPois rN+ Str-1 Int-1 Dex+1}
rCorr   +            k - +2 pair of gloves of Analysis {rF+ rCorr Dex+3}
SInv    .            I - +2 pair of boots
Will    ++...        (no amulet)
Stlth   ++           x - ring of magical power
HPRegen 0.55/turn    R - ring "Ibrunull" {Fire ^Drain rElec rPois rCorr}
MPRegen 0.39/turn

%: no passive effects
@: flying, very slow
A: fangs 1, strong nose, distributed training, clumsy 1, inability to read after
injury 1
0: Orb of Zot
}: 3/15 runes: decaying, serpentine, silver
a: Renounce Religion, Evoke Blink


You escaped.
You worshipped Cheibriados.
Cheibriados was noncommittal.
You visited 10 branches of the dungeon, and saw 50 of its levels.
You also visited: Trove, Sewer and Ossuary.

You collected 9292 gold pieces.
You spent 6085 gold pieces at shops.

Inventory:

Hand Weapons
 l - a +3 dagger of distortion
   (You found it on level 2 of the Lair of Beasts)
 J - the +4 hand cannon of Calamity (weapon) {freeze, +Blink Fly Will+}
   (You took it off a vault sentinel on level 4 of the Vaults)

   Will+:     It increases your willpower.
   Fly:       It grants you flight.
   +Blink:    It lets you blink.
Missiles
 y - 11 javelins
 K - 16 curare-tipped darts
 N - 24 boomerangs
 V - 11 silver javelins
Armour
 a - the +2 ratskin cloak (worn) {*Rats rPois rN+ Str-1 Int-1 Dex+1}
   (You found it on level 8 of the Dungeon)

   *Rats:     When the wearer is hurt, rats may emerge from it to assist them.
   Str-1:     It affects your strength (-1).
   Int-1:     It affects your intelligence (-1).
   Dex+1:     It affects your dexterity (+1).
   rPois:     It protects you from poison rN+: It protects you from negative
   energy.
 k - the +2 pair of gloves of Analysis (worn) {rF+ rCorr Dex+3}
   (You took it off Nikola on level 1 of the Depths)

   Dex+3:     It affects your dexterity (+3).
   rF+:       It protects you from fire.
   rCorr:     It protects you from acid and corrosion.
 I - a +2 pair of boots (worn)
   (You found it on level 13 of the Dungeon)
 O - the +6 scale mail of Fimmoac Kox (worn) {rC+ MP+9}
   (You bought it in a shop on level 1 of the Elven Halls)

   rC+:       It protects you from cold.
   MP+9:      It affects your magic capacity (+9).
 P - a +5 kite shield of cold resistance (worn)
   (You took it off a naga warrior on level 4 of the Snake Pit)
 Y - a +2 helmet of intelligence (worn)
   (You bought it in a shop on level 4 of the Snake Pit)
Magical Staves
 A - a staff of fire
   (You found it on level 3 of the Elven Halls)
Jewellery
 m - the amulet of Vitality {RegenMP++ Regen++}
   (You bought it in a shop on level 2 of the Depths)

   [amulet of magic regeneration]

   RegenMP:   It increases your rate of magic regeneration.
   Regen++:   It increases your rate of health regeneration.
 x - a ring of magical power (left hand)
   (You found it on level 4 of the Lair of Beasts)
 R - the ring "Ibrunull" (right hand) {Fire ^Drain rElec rPois rCorr}
   (You found it on level 8 of the Dungeon)

   [ring of fire]

   Fire:      It enhances your fire magic.
   rF+:       It protects you from fire.
   rC-:       It makes you vulnerable to cold.
   rElec:     It insulates you from electricity.
   rPois:     It protects you from poison rCorr: It protects you from acid and
   corrosion.
   ^Drain:    It drains your maximum health when unequipped.
 S - an amulet of faith
   (You found it on level 4 of the Swamp)
Wands
 i - a wand of light (28) {@v1}
   (You found it on level 11 of the Dungeon)
 z - a wand of roots (47) {@v2}
   (You found it on level 6 of the Dungeon)
 F - a wand of mindburst (48)
   (You found it in a sewer)
 H - a wand of polymorph (5)
   (You found it on level 6 of the Dungeon)
 M - a wand of paralysis (39)
   (You found it on level 8 of the Dungeon)
 T - a wand of digging (5) {@v3}
   (You found it on level 3 of the Vaults)
Scrolls
 e - 11 scrolls of fog {!r}
 f - 14 scrolls of poison {!r}
 h - 10 scrolls of fear {!r}
 n - 26 scrolls of teleportation {@r3 !r}
 w - 5 scrolls of summoning {!r}
 D - 5 scrolls of blinking {@r4}
 G - 9 scrolls of vulnerability
 W - a scroll of silence {!r}
Potions
 b - 7 potions of magic
 c - a potion of invisibility
 d - 19 potions of ambrosia
 j - 4 potions of enlightenment
 q - 3 potions of resistance
 s - 6 potions of lignification {@q6}
 t - 10 potions of attraction
 u - 7 potions of berserk rage
 v - 22 potions of curing {@q1 !q}
 B - 9 potions of heal wounds {@q2 !q}
 C - 14 potions of mutation
 E - 3 potions of cancellation
 L - 10 potions of might {@q3 !q}
Miscellaneous
 g - a phial of floods
   (You found it on level 5 of the Lair of Beasts)
 o - a tin of tremorstones (2/2)
   (You found it on level 3 of the Vaults)
 p - a phantom mirror
   (You found it on level 5 of the Vaults)
 Q - a sack of spiders
   (You found it on level 5 of the Vaults)
 U - a lightning rod (4/4)
   (You found it on level 5 of the Lair of Beasts)


   Skills:
 + Level 18.6 Fighting
 + Level 18.6 Short Blades
 + Level 18.6 Long Blades
 + Level 18.6 Axes
 + Level 18.6 Maces & Flails
 + Level 18.6 Polearms
 + Level 18.6 Staves
 + Level 18.6 Ranged Weapons
 + Level 18.6 Throwing
 + Level 18.6 Armour
 + Level 19.1 Dodging
 + Level 19.0 Stealth
 + Level 18.6 Shields
 + Level 18.6 Unarmed Combat
 + Level 19.1 Spellcasting
 + Level 16.0 Conjurations
 + Level 15.8 Hexes
 + Level 15.8 Summonings
 + Level 15.8 Necromancy
 + Level 15.8 Translocations
 + Level 15.8 Fire Magic
 + Level 15.8 Ice Magic
 + Level 15.8 Air Magic
 + Level 15.8 Earth Magic
 + Level 16.6 Alchemy
 + Level 20.1 Invocations
 + Level 18.6 Evocations
 + Level 17.2 Shapeshifting


You had 4 spell levels left.
You knew the following spells:

 Your Spells              Type           Power      Damage    Failure   Level
a - Vhi's Electric Charg  Tloc/Air       100%       N/A       1%          4
b - Borgnjor's Vile Clut  Necr/Erth      43%        N/A       1%          5
c - Arcjolt               Conj/Air       43%        1d53      1%          5
d - Passage of Golubria   Tloc           86%        N/A       1%          4
e - Maxwell's Capacitive  Air            43%        ∞         67%         8
f - Dispersal             Tloc           43%        N/A       2%          6
g - Plasma Beam           Fire/Air       54%        2x1d69    2%          6
h - Dispel Undead         Necr           86%        3d28      1%          4
x - Yara's Violent Unrav  Hex/Alch       43%        3d17      1%          5
z - Irradiate             Conj/Alch      43%        3d26      1%          5
N - Silence               Hex/Air        43%        N/A       1%          5
Y - Blink                 Tloc           100%       N/A       1%          2

Your spell library contained the following spells:

 Spells                   Type           Power      Damage    Failure   Level
 Freeze                   Ice            100%       1d10      0%          1
 Kiss of Death            Conj/Necr      100%       2d13      0%          1
 Magic Dart               Conj           100%       1d8       0%          1
 Necrotise                Necr           100%       1d9       0%          1
 Slow                     Hex            100%       N/A       0%          1
 Sting                    Conj/Alch      100%       1d9       0%          1
 Cigotuvi's Dreadful Rot  Necr/Alch/Air  100%       N/A       1%          2
 Ensorcelled Hibernation  Hex/Ice        100%       N/A       1%          2
 Jinxbite                 Hex            100%       N/A       1%          2
 Lesser Beckoning         Tloc           100%       N/A       1%          2
 Mercury Vapours          Alch/Air       100%       N/A       1%          2
 Momentum Strike          Conj/Tloc      100%       3d10      1%          2
 Searing Ray              Conj           100%       2d8       1%          2
 Sublimation of Blood     Necr           86%        N/A       1%          2
 Call Canine Familiar     Summ           86%        N/A       1%          3
 Confusing Touch          Hex            86%        N/A       1%          3
 Dazzling Flash           Conj/Hex       100%       N/A       1%          3
 Frozen Ramparts          Ice            100%       1d16      1%          3
 Fugue of the Fallen      Necr           86%        N/A       1%          3
 Gell's Gravitas          Tloc           86%        N/A       1%          3
 Hailstorm                Conj/Ice       86%        3d14      1%          3
 Inner Flame              Hex/Fire       100%       N/A       1%          3
 Mephitic Cloud           Conj/Alch/Air  87%        N/A       1%          3
 Ozocubu's Armour         Ice            86%        N/A       1%          3
 Sigil of Binding         Hex            86%        N/A       1%          3
 Stone Arrow              Conj/Erth      100%       3d13      1%          3
 Summon Ice Beast         Ice/Summ       86%        N/A       1%          3
 Teleport Other           Tloc           86%        N/A       1%          3
 Tukima's Dance           Hex            86%        N/A       1%          3
 Vampiric Draining        Necr           86%        2d12      1%          3
 Volatile Blastmotes      Fire/Tloc      100%       2d18      1%          3
 Anguish                  Hex/Necr       43%        N/A       1%          4
 Animate Armour           Summ/Erth      100%       N/A       1%          4
 Cause Fear               Hex            43%        N/A       1%          4
 Dimensional Bullseye     Hex/Tloc       43%        N/A       1%          4
 Flame Wave               Conj/Fire      100%       2d21      1%          4
 Fulminant Prism          Conj/Alch      43%        3d19      1%          4
 Iskenderun's Mystic Bla  Conj/Tloc      86%        2d17      1%          4
 Manifold Assault         Tloc           86%        N/A       1%          4
 Martyr's Knell           Necr/Summ      86%        N/A       1%          4
 Olgreb's Toxic Radiance  Alch           88%        N/A       1%          4
 Petrify                  Alch/Erth      87%        N/A       1%          4
 Sticky Flame             Fire/Alch      100%       2d15      1%          4
 Alistair's Intoxication  Alch           58%        N/A       1%          5
 Curse of Agony           Necr           86%        N/A       1%          5
 Iskenderun's Battlesphe  Conj           86%        2d13      1%          5
 Metabolic Englaciation   Hex/Ice        43%        N/A       1%          5
 Summon Forest            Summ/Tloc      43%        N/A       1%          5
 Summon Mana Viper        Hex/Summ       86%        N/A       1%          5
 Eringya's Noxious Bog    Alch           44%        4d6       1%          6
 Sculpt Simulacrum        Ice/Alch       43%        N/A       1%          6
 Conjure Ball Lightning   Conj/Air       43%        3x3d15    2%          6
 Death Channel            Necr           43%        N/A       2%          6
 Starburst                Conj/Fire      54%        6d15      2%          6
 Summon Cactus Giant      Summ           43%        N/A       2%          6
 Enfeeble                 Hex            43%        N/A       12%         7
 Malign Gateway           Summ/Tloc      43%        N/A       12%         7
 Orb of Destruction       Conj           43%        9d12      12%         7
 Discord                  Hex            43%        N/A       67%         8
 Disjunction              Tloc           43%        N/A       67%         8
 Infestation              Necr           43%        N/A       67%         8
 Lehudib's Crystal Spear  Conj/Erth      43%        10d10     67%         8
 Summon Horrible Things   Summ           43%        N/A       67%         8


Dungeon Overview and Level Annotations

Branches:
Dungeon (15/15)            Temple (0/1) D:5            Lair (5/5) D:9
  Swamp (4/4) Lair:2        Snake (4/4) Lair:2        Slime (0/5) Lair:5
    Orc (2/2) D:11            Elf (3/3) Orc:2        Vaults (5/5) D:14
  Crypt (3/3) Vaults:2       Tomb (0/3) Crypt:3      Depths (4/4) D:15
    Zot (5/5) Depths:4      Sewer (visited)         Ossuary (visited)

Altars:
Cheibriados
Elyvilon
Fedhas
Gozag
Hepliaklqana
Nemelex Xobeh
Okawaru
Ru
Sif Muna
Trog
Zin
Beogh

Shops:
D:1 =   D:14 ?   Orc:2 ([:*   Elf:1 ([   Snake:4 [   Vaults:1 ?   Vaults:2 (
Vaults:4 (   Vaults:5 =   Zot:5 *   Depths:1 ==*:   Depths:2 =

Portals:
Hell: Depths:1 Depths:2 Depths:4
Abyss: Depths:1 Depths:4
Pandemonium: Depths:2
Ziggurat: Depths:2

Annotations:
Swamp:3 2 transporters, Karaet's ghost, adept MiFi
Elf:2 1 exclusion
Elf:3 1 runed translucent door, Luqutot's ghost, adept MiFi
Crypt:1 9 runed translucent doors
Depths:4 exclusion: upstairs


Innate Abilities, Weirdness & Mutations

You have very sharp teeth.
Your uncanny sense of smell can sniff out nearby items.
Your experience applies equally to all skills.
You are clumsy. (Dex -2)
You occasionally lose the ability to read scrolls when taking damage.


Message History

You feel a surge of power!
The bolt of lightning hits the demonspawn blood saint!
You kill the demonspawn blood saint!
Cheibriados appreciates the change of pace.
A red devil comes into view. It is wielding a +0 trident.
You block the red devil's attack.
There is a stone staircase leading down here.
Casting: Plasma Beam (mildly dangerous; 1% risk of failure)
Press: ? - help, Q - select action, (/) - cycle Dir - look around, f - activate You feel a surge of power!
The bolt of lightning hits the red devil!!!
You kill the red devil!
Cheibriados appreciates the change of pace.
You hear a splash.
You fly downwards.
There is a stone staircase leading up here.
Okay, then.
There is a stone staircase leading up here.
You fly upwards.
There is a stone staircase leading down here.
Really put on
S - an amulet of faith?
You start putting on your amulet.
You continue putting on your amulet of faith. x5
You finish putting on your amulet of faith.
You feel a surge of divine interest.
S - an amulet of faith (around neck) Really remove
S - an amulet of faith?
You start removing your amulet.
You continue removing your amulet of faith. x4
You finish removing your amulet of faith.
Cheibriados seems less interested in you.
You feel less pious.
You can no longer step out of the flow of time.
Cheibriados lowers the support of your attributes as your movement quickens.
Really put on
S - an amulet of faith?
You start putting on your amulet.
You continue putting on your amulet of faith. x5
You finish putting on your amulet of faith.
You feel a surge of divine interest.
S - an amulet of faith (around neck) Really remove
S - an amulet of faith?
You start removing your amulet.
You continue removing your amulet of faith. x3
HP restored.
You continue removing your amulet of faith.
You finish removing your amulet of faith.
Cheibriados seems less interested in you.
You feel less pious.
You can no longer warp the flow of time around you.
Cheibriados lowers the support of your attributes as your movement quickens.
Really put on
S - an amulet of faith?
You start putting on your amulet.
You continue putting on your amulet of faith. x5
You finish putting on your amulet of faith.
You feel a surge of divine interest.
S - an amulet of faith (around neck) Really remove
S - an amulet of faith?
You start removing your amulet.
You continue removing your amulet of faith.
Keep removing your equipment? [Y]es or [N]o only, please.
Keep removing your equipment?
You continue removing your amulet of faith. x3
You block the smoke demon's attack. The smoke demon barely misses you.
You block the smoke demon's attack.
You finish removing your amulet of faith.
Cheibriados seems less interested in you.
You feel less pious.
Cheibriados lowers the support of your attributes as your movement quickens.
You shoot a bolt. The bolt hits the smoke demon!!
The bolt freezes the smoke demon!
The smoke demon is almost dead.
You block the smoke demon's attack. x3
You shoot a bolt. The bolt barely misses the smoke demon.
You block the smoke demon's attack. x3
You shoot a bolt. The bolt hits the smoke demon!
The bolt freezes the smoke demon.
You kill the smoke demon!
Cheibriados appreciates the change of pace.
Really put on
S - an amulet of faith?
You start putting on your amulet.
You continue putting on your amulet of faith. x5
You finish putting on your amulet of faith.
You feel a surge of divine interest.
S - an amulet of faith (around neck) Really remove
S - an amulet of faith?
You start removing your amulet.
You continue removing your amulet of faith. x4
You finish removing your amulet of faith.
Cheibriados seems less interested in you.
You feel less pious.
You can no longer bend time to slow others.
Cheibriados lowers the support of your attributes as your movement quickens.
You fly downwards.
There is a stone staircase leading up here.
There is a stone staircase leading up here.
You fly upwards.
There is a stone staircase leading down here.
There is a staircase leading out of the dungeon here.
You have escaped!

###########......##....##########
.................................
.#####.####......###########.####
.#...........................#
.#...P~~~~~≈~~P...P~~~~~~~~P.#
.#...≈~≈~~~~≈~~...~~≈~~~~≈~~.#
.#...~~≈~~~~≈~~...~~~~~~~≈≈~.###
.#...P~≈≈~~~~~.....~≈~~~≈~~P...#
................@[[..........#.##
###..P~~~≈≈~≈~.....~~≈≈~~~~P.#...
#..≈~≈~~~~~~~...~≈≈~~~~≈~~.#...
#..~≈≈~~~~≈~≈...~≈≈~~~~~≈~.#...
#..P~~~≈~~~≈P...P~~~~~≈≈~P.....
#...........................###
###...##..##>.................#
..........................#####
###.########.###########..###


There were no monsters in sight!

Vanquished Creatures
  Frederick (Crypt:2)
  2 ancient liches
  3 dread liches
  2 orbs of fire (Zot:5)
  Mennas (Crypt:3)
  Josephina (Depths:4)
  Sojobo (Crypt:2)
  7 Killer Klowns
  Saint Roka (Orc:2)
  3 curse toes
  9 golden dragons
  Nikola (Depths:1)
  5 caustic shrikes (Depths:4)
  Norris (Elf:1)
  2 electric golems (Zot:5)
  A spectral shard shrike (Crypt:3)
  Jorgrun (Swamp:3)
  Mlioglotl (Swamp:1)
  3 titans (Vaults:5)
  24 Orb Guardians (Zot:5)
  Asterion (Snake:3)
  2 liches
  2 deep elf master archers (Elf:3)
  5 tentacled monstrosities
  4 deep elf blademasters
  5 sphinxes
  An ancient champion (Crypt:3)
  5 quicksilver dragons
  8 death cobs
  An Executioner (Zot:1)
  9 tengu reavers
  7 shadow dragons
  Donald (Elf:3)
  3 revenants
  2 fenstrider witches
  5 storm dragons
  2 draconian monks
  4 protean progenitors
  10 nagarajas
  9 fire giants
  3 draconian knights
  7 draconian scorchers
  9 deep elf sorcerers
  3 frost giants
  2 draconian shifters
  16 vault wardens
  4 draconian stormcallers (Zot:5)
  A spectral juggernaut (Crypt:3)
  A curse skull (Crypt:2)
  An iron dragon (Depths:1)
  An orc warlord (Vaults:3)
  6 ghouls
  2 draconian annihilators (Zot:5)
  2 reapers
  A demonspawn blood saint (D:1)
  4 deep elf elementalists (Elf:3)
  16 very ugly things
  A cacodemon (D:1)
  A demonspawn corrupter (D:1)
  13 stone giants
  13 ironbound preservers
  2 formless jellyfish
  5 vampire knights
  A caustic shrike skeleton (Crypt:3)
  8 black draconians
  6 deep elf demonologists
  2 eleionomae
  4 green draconians
  6 ironbound thunderhulks
  7 purple draconians
  3 white draconians
  8 deep elf death magi
  8 deep elf annihilators
  A red draconian (Zot:3)
  15 dire elephants
  The ghost of kal9871 the Severer, a journeyman CoGl of Okawaru (Orc:2)
  4 bunyips
  5 war gargoyles
  A spectral titan (Crypt:3)
  3 yellow draconians
  15 ettins
  12 eidola
  A spark wasp (Depths:2)
  A merfolk impaler (D:13)
  An acid blob zombie (Crypt:2)
  4 spectral quicksilver dragons (Crypt:3)
  2 green deaths (Swamp:4)
  The ghost of Dyre the Eclecticist, a journeyman DjFE of Gozag (D:13)
  3 crystal guardians
  6 fire dragons
  21 yaktaur captains
  2 entropy weavers
  3 spectral spriggans (Crypt:3)
  2 jiangshi
  3 deep elf high priests
  6 great orbs of eyes
  13 hydras
  6 ice dragons
  4 salamander tyrants
  A rakshasa (D:15)
  32 vault guards
  A fenstrider witch zombie (Crypt:2)
  4 spriggan air magi
  4 peacekeepers
  8 alligators
  A catoblepas (Lair:3)
  11 anacondas
  An ogre mage (Orc:2)
  3 hell beasts
  5 ironbound frosthearts
  15 centaur warriors
  A ghost crab (Swamp:4)
  A merfolk avatar (Lair:5)
  A death knight (Crypt:2)
  20 dancing weapons
  13 two-headed ogres
  2 boulder beetles
  A thrashing horror (Swamp:4)
  19 naga warriors
  A tengu warrior (D:13)
  5 death yaks (Lair:3)
  4 occultists
  A titan zombie (Crypt:2)
  10 deep troll shamans
  2 spriggan berserkers (Depths:4)
  6 vampire magi
  6 deep troll earth magi
  6 shock serpents
  2 orc high priests
  2 spectral storm dragons (Crypt:3)
  15 hell knights
  6 salamander mystics
  A sun demon (Depths:2)
  4 soul eaters
  A titan skeleton (Crypt:1)
  6 naga sharpshooters
  5 skysharks
  6 skeletal warriors
  5 iron trolls
  17 deep elf knights
  2 goliath frogs
  2 spectral bunyips (Crypt:3)
  6 shadow wraiths
  3 spectral anacondas (Crypt:3)
  2 glowing orange brains
  A ghost moth zombie (Crypt:2)
  2 spectral iron dragons (Crypt:3)
  6 swamp dragons
  7 flayed ghosts
  A mana viper (shapeshifter) (Depths:2)
  4 large abominations
  A spriggan druid (Swamp:3)
  10 naga ritualists
  A bunyip zombie (Crypt:3)
  41 deep trolls
  A quicksilver dragon simulacrum (Crypt:3)
  10 mana vipers
  A shadow demon (Depths:2)
  17 arcanists
  16 lindwurms
  14 deep elf archers
  8 harpies
  An iron dragon zombie (Crypt:3)
  10 bog bodies
  An anaconda skeleton (Crypt:3)
  Pikel (D:8)
  A spriggan simulacrum (Crypt:3)
  A spectral hydra (Crypt:3)
  14 phantasmal warriors
  29 deep elf zephyrmancers
  36 deep elf pyromancers
  The ghost of antlorb the Covert, a novice VSBr (D:8)
  A shadow dragon zombie (Crypt:2)
  7 orc knights
  4 lightning spires (Swamp:1)
  9 necromancers
  14 ironbound convokers
  A goliath frog skeleton (Crypt:3)
  52 ugly things
  12 salamanders
  A manticore (shapeshifter) (Vaults:5)
  4 orc sorcerers
  A spectral centaur (Crypt:3)
  A shining eye (shapeshifter) (Vaults:1)
  3 cyclopes
  5 will-o-the-wisps
  2 manticores (Lair:5)
  A guardian serpent (shapeshifter) (Elf:1)
  9 meliai
  13 moths of wrath
  15 naga magi
  A gargoyle (D:13)
  5 kobold blastminers
  A titan simulacrum (Depths:4)
  A smoke demon (D:1)
  21 vault sentinels
  9 elephants
  2 black mambas (shapeshifter)
  43 black mambas
  16 guardian serpents
  3 orange demons (Swamp:4)
  A molten gargoyle (Depths:3)
  3 hellions (Zot:2)
  3 torpor snails
  16 cane toads
  18 freezing wraiths
  42 yaktaurs
  A death yak zombie (Crypt:3)
  6 rime drakes
  14 komodo dragons
  An anaconda simulacrum (Crypt:3)
  Maggie (Lair:1)
  5 tengu conjurers
  2 guardian mummies (Crypt:1)
  A komodo dragon (shapeshifter) (Depths:2)
  A golden dragon simulacrum (Depths:4)
  13 polar bears
  A purple draconian skeleton (Crypt:3)
  A queen bee (D:13)
  A harpy zombie (Crypt:3)
  3 bloated husks
  Grinder (Sewer)
  A red devil (D:1)
  A queen bee (shapeshifter) (D:15)
  3 trolls
  7 hornets
  A blink frog (shapeshifter) (D:15)
  A death drake skeleton (Crypt:3)
  A hornet (shapeshifter) (D:15)
  5 dream sheep (Lair:1)
  8 tyrant leeches
  11 blink frogs
  An iron dragon simulacrum (Depths:4)
  8 air elementals
  2 culicivoras (Vaults:5)
  2 vampires
  6 shadows
  9 spriggans
  5 wraiths
  An ice dragon skeleton (Crypt:3)
  3 wyverns
  21 slime creatures
  17 humans (D:14)
  A ynoxinul (D:11)
  3 water elementals (Depths:2)
  A redback (Vaults:5)
  8 basilisks
  2 fire elementals
  47 yaks
  5 wargs
  A steam dragon (Lair:5)
  15 vampire mosquitoes
  3 harpy simulacra
  12 swamp worms
  A merfolk zombie (Crypt:1)
  51 nagas
  A swamp worm (shapeshifter) (Vaults:5)
  An acid dragon (shapeshifter) (Vaults:5)
  10 water moccasins
  An acid dragon (D:11)
  3 ice beasts (D:8)
  29 orc warriors
  A sky beast (D:7)
  9 black bears
  A black bear (shapeshifter) (Elf:2)
  10 laughing skulls
  8 ogres
  2 swamp drakes (Swamp:1)
  A hog zombie (Crypt:3)
  4 boggarts (D:15)
  8 centaurs
  28 wolves
  A lindwurm skeleton (Crypt:2)
  A blink frog skeleton (Crypt:3)
  2 lemures (D:8)
  3 phantoms
  4 kobold brigands
  8 bullfrogs
  3 gnoll sergeants
  9 earth elementals
  3 scorpions
  A glowing shapeshifter simulacrum (Depths:4)
  A warg skeleton (Crypt:1)
  5 wights
  31 killer bees
  A yak skeleton (Crypt:1)
  4 electric eels
  9 howler monkeys
  2 bombardier beetles
  4 bullfrog zombies
  5 centaur zombies
  A hound (D:4)
  28 orc priests
  2 human zombies (Crypt:1)
  4 centaur skeletons
  3 iguanas
  2 human skeletons (Crypt:1)
  35 orc wizards
  A scorpion zombie (Ossuary)
  5 centaur simulacra
  3 kobold zombies (Sewer)
  A hound zombie (D:4)
  An ogre skeleton (Crypt:2)
  A hound skeleton (D:4)
  4 mummies (Crypt:1)
  13 adders
  13 gnolls
  A river rat (D:6)
  4 shadow imps
  7 white imps
  14 ufetubi
  6 adder zombies
  An adder skeleton (Crypt:1)
  3 dart slugs
  2 ribbon worms
  78 orcs
  9 ball pythons
  A bat skeleton (Crypt:2)
  2 endoplasms
  5 giant cockroaches
  4 gnoll zombies (Ossuary)
  10 goblins
  7 hobgoblins
  10 jackals
  3 quokkas
  4 bats
  2 frilled lizards (D:3)
  A goblin zombie (Ossuary)
  2 hobgoblin zombies (Ossuary)
  35 kobolds
  An orc zombie (Ossuary)
  7 rats
  A river rat skeleton (Crypt:3)
  6 aspiring fleshes
2178 creatures vanquished.

Vanquished Creatures (collateral kills)
  A black mamba (Snake:3)
  An orc warrior (Orc:2)
2 creatures vanquished.

Vanquished Creatures (others)
  A death knight (Crypt:2)
  A warg (Vaults:5)
  An orc (Vaults:5)
  A ball lightning (Depths:3)
  8 foxfires
12 creatures vanquished.

Grand Total: 2192 creatures vanquished

Notes
Turn   | Place    | Note
-------+----------+-------------------------------------------
     0 | D:1      | EnegeticOcto the Gnoll Alchemist began the quest for the
                  | Orb.
     0 | D:1      | Reached XP level 1. HP: 13/13 MP: 6/6
   123 | D:1      | Reached skill level 2 in Conjurations
   312 | D:1      | Reached XP level 2. HP: 19/19 MP: 5/7
   378 | D:1      | Found Ygiulofe's Jewellery Boutique.
   480 | D:1      | Learned a level 2 spell: Mercury Vapours
   583 | D:1      | Reached skill level 5 in Spellcasting
   583 | D:1      | Reached XP level 3. HP: 25/25 MP: 5/9
   620 | D:1      | Reached skill level 1 in Invocations
  1066 | D:1      | Reached skill level 1 in Fighting
  1066 | D:1      | Reached skill level 1 in Short Blades
  1066 | D:1      | Reached skill level 1 in Long Blades
  1066 | D:1      | Reached skill level 1 in Axes
  1066 | D:1      | Reached skill level 1 in Maces & Flails
  1066 | D:1      | Reached skill level 1 in Polearms
  1066 | D:1      | Reached skill level 1 in Staves
  1066 | D:1      | Reached skill level 1 in Ranged Weapons
  1066 | D:1      | Reached skill level 1 in Throwing
  1066 | D:1      | Reached skill level 1 in Armour
  1066 | D:1      | Reached skill level 1 in Shields
  1066 | D:1      | Reached skill level 1 in Unarmed Combat
  1066 | D:1      | Reached skill level 1 in Evocations
  1202 | D:1      | Learned a level 3 spell: Mephitic Cloud
  1329 | D:2      | Reached skill level 1 in Shapeshifting
  1329 | D:2      | Reached XP level 4. HP: 32/32 MP: 8/11
  1452 | D:2      | Reached skill level 1 in Hexes
  1452 | D:2      | Reached skill level 1 in Summonings
  1452 | D:2      | Reached skill level 1 in Necromancy
  1452 | D:2      | Reached skill level 1 in Translocations
  1452 | D:2      | Reached skill level 1 in Fire Magic
  1452 | D:2      | Reached skill level 1 in Ice Magic
  1452 | D:2      | Reached skill level 1 in Air Magic
  1452 | D:2      | Reached skill level 1 in Earth Magic
  1834 | D:2      | Reached XP level 5. HP: 35/37 MP: 8/12
  2137 | D:2      | Learned a level 4 spell: Olgreb's Toxic Radiance
  2985 | D:4      | Reached skill level 2 in Invocations
  3001 | D:4      | Reached XP level 6. HP: 40/44 MP: 13/13
  3011 | D:4      | Reached skill level 5 in Dodging
  3022 | D:4      | Reached skill level 2 in Fighting
  3022 | D:4      | Reached skill level 2 in Short Blades
  3022 | D:4      | Reached skill level 2 in Long Blades
  3022 | D:4      | Reached skill level 2 in Axes
  3022 | D:4      | Reached skill level 2 in Maces & Flails
  3022 | D:4      | Reached skill level 2 in Polearms
  3022 | D:4      | Reached skill level 2 in Staves
  3022 | D:4      | Reached skill level 2 in Ranged Weapons
  3022 | D:4      | Reached skill level 2 in Throwing
  3022 | D:4      | Reached skill level 2 in Armour
  3022 | D:4      | Reached skill level 2 in Shields
  3022 | D:4      | Reached skill level 2 in Unarmed Combat
  3022 | D:4      | Reached skill level 2 in Evocations
  3064 | D:4      | Reached skill level 2 in Shapeshifting
  3186 | D:4      | Found a sand-covered staircase.
  3197 | Ossuary  | Entered an ossuary
  3223 | Ossuary  | Learned a level 4 spell: Sticky Flame
  3279 | Ossuary  | Reached XP level 7. HP: 42/50 MP: 15/15
  3478 | Ossuary  | Reached skill level 3 in Conjurations
  3478 | Ossuary  | Reached skill level 2 in Hexes
  3478 | Ossuary  | Reached skill level 2 in Summonings
  3478 | Ossuary  | Reached skill level 2 in Necromancy
  3478 | Ossuary  | Reached skill level 2 in Translocations
  3478 | Ossuary  | Reached skill level 2 in Fire Magic
  3478 | Ossuary  | Reached skill level 2 in Ice Magic
  3478 | Ossuary  | Reached skill level 2 in Air Magic
  3478 | Ossuary  | Reached skill level 2 in Earth Magic
  3533 | Ossuary  | Reached skill level 5 in Stealth
  3614 | Ossuary  | Reached skill level 3 in Invocations
  3959 | Ossuary  | Reached skill level 6 in Alchemy
  3966 | Ossuary  | Noticed a silent spectre
  4198 | D:4      | Reached skill level 3 in Fighting
  4198 | D:4      | Reached skill level 3 in Short Blades
  4198 | D:4      | Reached skill level 3 in Long Blades
  4198 | D:4      | Reached skill level 3 in Axes
  4198 | D:4      | Reached skill level 3 in Maces & Flails
  4198 | D:4      | Reached skill level 3 in Polearms
  4198 | D:4      | Reached skill level 3 in Staves
  4198 | D:4      | Reached skill level 3 in Ranged Weapons
  4198 | D:4      | Reached skill level 3 in Throwing
  4198 | D:4      | Reached skill level 3 in Armour
  4198 | D:4      | Reached skill level 3 in Shields
  4198 | D:4      | Reached skill level 3 in Unarmed Combat
  4198 | D:4      | Reached skill level 3 in Evocations
  4198 | D:4      | Reached XP level 8. HP: 56/58 MP: 8/16
  4491 | D:5      | Entered Level 5 of the Dungeon
  4508 | D:5      | Reached skill level 6 in Spellcasting
  4521 | D:5      | Reached skill level 3 in Shapeshifting
  4638 | D:5      | Found a snail-covered altar of Cheibriados.
  4658 | D:5      | Became a worshipper of Cheibriados the Contemplative
  4851 | D:5      | Reached skill level 4 in Invocations
  4853 | D:5      | Reached skill level 3 in Hexes
  4853 | D:5      | Reached skill level 3 in Summonings
  4853 | D:5      | Reached skill level 3 in Necromancy
  4853 | D:5      | Reached skill level 3 in Translocations
  4853 | D:5      | Reached skill level 3 in Fire Magic
  4853 | D:5      | Reached skill level 3 in Ice Magic
  4853 | D:5      | Reached skill level 3 in Air Magic
  4853 | D:5      | Reached skill level 3 in Earth Magic
  4921 | D:5      | Reached skill level 6 in Dodging
  4946 | D:5      | Found a hazy altar of Hepliaklqana.
  5160 | D:5      | Found a staircase to the Ecumenical Temple.
  5292 | D:6      | Found a glowing drain.
  5296 | D:6      | Reached * piety under Cheibriados
  5352 | Sewer    | Entered a sewer
  5548 | Sewer    | Reached XP level 9. HP: 60/65 MP: 18/18
  5569 | Sewer    | Reached skill level 4 in Fighting
  5569 | Sewer    | Reached skill level 4 in Short Blades
  5569 | Sewer    | Reached skill level 4 in Long Blades
  5569 | Sewer    | Reached skill level 4 in Axes
  5569 | Sewer    | Reached skill level 4 in Maces & Flails
  5569 | Sewer    | Reached skill level 4 in Polearms
  5569 | Sewer    | Reached skill level 4 in Staves
  5569 | Sewer    | Reached skill level 4 in Ranged Weapons
  5569 | Sewer    | Reached skill level 4 in Throwing
  5569 | Sewer    | Reached skill level 4 in Armour
  5569 | Sewer    | Reached skill level 4 in Shields
  5569 | Sewer    | Reached skill level 4 in Unarmed Combat
  5569 | Sewer    | Reached skill level 4 in Conjurations
  5569 | Sewer    | Reached skill level 4 in Evocations
  5797 | Sewer    | Found an ancient bone altar of Kikubaaqudgha.
  5878 | Sewer    | Reached ** piety under Cheibriados
  5883 | Sewer    | Noticed Grinder
  5890 | Sewer    | Killed Grinder
  5891 | Sewer    | Reached skill level 6 in Stealth
  6174 | D:6      | Found a sparkling altar of Nemelex Xobeh.
  6418 | D:6      | Noticed a troll
  6423 | D:6      | Killed a troll
  6424 | D:6      | Reached skill level 4 in Shapeshifting
  6464 | D:6      | Found a bloodstained altar of Trog.
  6540 | D:7      | Reached skill level 5 in Invocations
  6673 | D:7      | Reached *** piety under Cheibriados
  6694 | D:7      | Reached skill level 7 in Spellcasting
  6697 | D:7      | Reached skill level 4 in Hexes
  6697 | D:7      | Reached skill level 4 in Summonings
  6697 | D:7      | Reached skill level 4 in Necromancy
  6697 | D:7      | Reached skill level 4 in Translocations
  6697 | D:7      | Reached skill level 4 in Fire Magic
  6697 | D:7      | Reached skill level 4 in Ice Magic
  6697 | D:7      | Reached skill level 4 in Air Magic
  6697 | D:7      | Reached skill level 4 in Earth Magic
  6926 | D:7      | Reached **** piety under Cheibriados
  7215 | D:8      | Noticed Pikel
  7222 | D:8      | Killed Pikel
  7223 | D:8      | Reached skill level 5 in Fighting
  7223 | D:8      | Reached skill level 5 in Short Blades
  7223 | D:8      | Reached skill level 5 in Long Blades
  7223 | D:8      | Reached skill level 5 in Axes
  7223 | D:8      | Reached skill level 5 in Maces & Flails
  7223 | D:8      | Reached skill level 5 in Polearms
  7223 | D:8      | Reached skill level 5 in Staves
  7223 | D:8      | Reached skill level 5 in Ranged Weapons
  7223 | D:8      | Reached skill level 5 in Throwing
  7223 | D:8      | Reached skill level 5 in Armour
  7223 | D:8      | Reached skill level 7 in Dodging
  7223 | D:8      | Reached skill level 5 in Shields
  7223 | D:8      | Reached skill level 5 in Unarmed Combat
  7223 | D:8      | Reached skill level 7 in Alchemy
  7223 | D:8      | Reached skill level 5 in Evocations
  7223 | D:8      | Reached XP level 10. HP: 74/74 MP: 12/20
  7528 | D:8      | Noticed antlorb's ghost (novice VSBr)
  7552 | D:8      | Found a runed translucent gate.
  7552 | D:8      | Found a runed translucent gate.
  7552 | D:8      | Found a runed translucent gate.
  7702 | D:8      | Found the +2 ratskin cloak {*Rats rPois rN+ Str-1 Int-1
                  | Dex+1}
  8062 | D:9      | Found a staircase to the Lair.
  8085 | D:9      | Reached skill level 5 in Conjurations
  8089 | D:9      | Reached ***** piety under Cheibriados
  8110 | D:9      | Found an opulent altar of Gozag.
  8147 | D:9      | Reached skill level 6 in Invocations
  8222 | D:9      | Reached skill level 5 in Shapeshifting
  8256 | D:9      | Reached skill level 7 in Stealth
  8259 | D:9      | Noticed a two-headed ogre
  8268 | D:9      | Killed a two-headed ogre
  8924 | D:9      | Noticed a two-headed ogre
  8933 | D:9      | Killed a two-headed ogre
  8934 | D:9      | Reached skill level 6 in Fighting
  8934 | D:9      | Reached skill level 6 in Short Blades
  8934 | D:9      | Reached skill level 6 in Long Blades
  8934 | D:9      | Reached skill level 6 in Axes
  8934 | D:9      | Reached skill level 6 in Maces & Flails
  8934 | D:9      | Reached skill level 6 in Polearms
  8934 | D:9      | Reached skill level 6 in Staves
  8934 | D:9      | Reached skill level 6 in Ranged Weapons
  8934 | D:9      | Reached skill level 6 in Throwing
  8934 | D:9      | Reached skill level 6 in Armour
  8934 | D:9      | Reached skill level 6 in Shields
  8934 | D:9      | Reached skill level 6 in Unarmed Combat
  8934 | D:9      | Reached skill level 8 in Spellcasting
  8934 | D:9      | Reached skill level 5 in Hexes
  8934 | D:9      | Reached skill level 5 in Summonings
  8934 | D:9      | Reached skill level 5 in Necromancy
  8934 | D:9      | Reached skill level 5 in Translocations
  8934 | D:9      | Reached skill level 5 in Fire Magic
  8934 | D:9      | Reached skill level 5 in Ice Magic
  8934 | D:9      | Reached skill level 5 in Air Magic
  8934 | D:9      | Reached skill level 5 in Earth Magic
  8934 | D:9      | Reached skill level 6 in Evocations
  8934 | D:9      | Reached XP level 11. HP: 50/81 MP: 2/23
  9030 | D:9      | Found a blossoming altar of Fedhas.
  9046 | D:9      | Found a glowing silver altar of Zin.
  9231 | D:9      | Learned a level 2 spell: Searing Ray
  9260 | D:10     | Entered Level 10 of the Dungeon
  9432 | D:10     | Reached skill level 7 in Invocations
  9565 | D:10     | Found a sacrificial altar of Ru.
  9764 | D:10     | Reached skill level 8 in Dodging
  9844 | D:10     | Found a white marble altar of Elyvilon.
  9887 | D:10     | Found a shimmering blue altar of Sif Muna.
 10320 | D:1      | Bought a ring of willpower for 300 gold pieces
 10554 | Lair:1   | Entered Level 1 of the Lair of Beasts
 10554 | Lair:1   | Noticed Maggie
 10559 | Lair:1   | Killed Maggie
 10560 | Lair:1   | Reached skill level 6 in Shapeshifting
 10561 | Lair:1   | Reached skill level 6 in Conjurations
 10646 | Lair:1   | Reached skill level 8 in Stealth
 10849 | Lair:1   | Reached skill level 8 in Alchemy
 10917 | Lair:1   | Reached skill level 7 in Fighting
 10917 | Lair:1   | Reached skill level 7 in Short Blades
 10917 | Lair:1   | Reached skill level 7 in Long Blades
 10917 | Lair:1   | Reached skill level 7 in Axes
 10917 | Lair:1   | Reached skill level 7 in Maces & Flails
 10917 | Lair:1   | Reached skill level 7 in Polearms
 10917 | Lair:1   | Reached skill level 7 in Staves
 10917 | Lair:1   | Reached skill level 7 in Ranged Weapons
 10917 | Lair:1   | Reached skill level 7 in Throwing
 10917 | Lair:1   | Reached skill level 7 in Armour
 10917 | Lair:1   | Reached skill level 7 in Shields
 10917 | Lair:1   | Reached skill level 7 in Unarmed Combat
 10917 | Lair:1   | Reached skill level 7 in Evocations
 10950 | Lair:1   | Reached XP level 12. HP: 59/91 MP: 17/24
 11224 | Lair:1   | Reached skill level 6 in Hexes
 11224 | Lair:1   | Reached skill level 6 in Summonings
 11224 | Lair:1   | Reached skill level 6 in Necromancy
 11224 | Lair:1   | Reached skill level 6 in Translocations
 11224 | Lair:1   | Reached skill level 6 in Fire Magic
 11224 | Lair:1   | Reached skill level 6 in Ice Magic
 11224 | Lair:1   | Reached skill level 6 in Air Magic
 11224 | Lair:1   | Reached skill level 6 in Earth Magic
 11299 | Lair:1   | Reached skill level 8 in Invocations
 11327 | Lair:1   | Reached skill level 9 in Spellcasting
 11469 | Lair:1   | Reached ****** piety under Cheibriados
 11917 | Lair:2   | Reached skill level 9 in Dodging
 11981 | Lair:2   | Identified the +12 trident "Vanta" {freeze, Will+}
 12061 | Lair:2   | Noticed a skyshark
 12066 | Lair:2   | Noticed Sonja
 12067 | Lair:2   | Reached skill level 7 in Shapeshifting
 12067 | Lair:2   | Sonja changed into Sonja the black bear
 12067 | Lair:2   | Noticed Sonja
 12068 | Lair:2   | Killed a skyshark
 12074 | Lair:2   | Killed Sonja the black bear
 12201 | Lair:2   | Reached skill level 9 in Stealth
 12455 | Lair:2   | Noticed a seven-headed hydra
 12455 | Lair:2   | Noticed a seven-headed hydra
 12502 | Lair:2   | Found a staircase to the Snake Pit.
 12508 | Lair:2   | Reached skill level 7 in Conjurations
 12604 | Lair:2   | Reached skill level 8 in Fighting
 12604 | Lair:2   | Reached skill level 8 in Short Blades
 12604 | Lair:2   | Reached skill level 8 in Long Blades
 12604 | Lair:2   | Reached skill level 8 in Axes
 12604 | Lair:2   | Reached skill level 8 in Maces & Flails
 12604 | Lair:2   | Reached skill level 8 in Polearms
 12604 | Lair:2   | Reached skill level 8 in Staves
 12604 | Lair:2   | Reached skill level 8 in Ranged Weapons
 12604 | Lair:2   | Reached skill level 8 in Throwing
 12604 | Lair:2   | Reached skill level 8 in Armour
 12604 | Lair:2   | Reached skill level 8 in Shields
 12604 | Lair:2   | Reached skill level 8 in Unarmed Combat
 12604 | Lair:2   | Reached skill level 8 in Evocations
 13297 | Lair:3   | Reached XP level 13. HP: 98/98 MP: 21/26
 13341 | Lair:3   | Reached skill level 9 in Invocations
 13606 | Lair:3   | Reached skill level 7 in Hexes
 13606 | Lair:3   | Reached skill level 7 in Summonings
 13606 | Lair:3   | Reached skill level 7 in Necromancy
 13606 | Lair:3   | Reached skill level 7 in Translocations
 13606 | Lair:3   | Reached skill level 7 in Fire Magic
 13606 | Lair:3   | Reached skill level 7 in Ice Magic
 13606 | Lair:3   | Reached skill level 7 in Air Magic
 13606 | Lair:3   | Reached skill level 7 in Earth Magic
 13606 | Lair:3   | Reached skill level 9 in Alchemy
 13678 | Lair:3   | Reached skill level 10 in Spellcasting
 14043 | Lair:3   | Reached skill level 8 in Shapeshifting
 14599 | Lair:4   | Reached skill level 10 in Dodging
 15069 | Lair:4   | Reached skill level 9 in Fighting
 15069 | Lair:4   | Reached skill level 9 in Short Blades
 15069 | Lair:4   | Reached skill level 9 in Long Blades
 15069 | Lair:4   | Reached skill level 9 in Axes
 15069 | Lair:4   | Reached skill level 9 in Maces & Flails
 15069 | Lair:4   | Reached skill level 9 in Polearms
 15069 | Lair:4   | Reached skill level 9 in Staves
 15069 | Lair:4   | Reached skill level 9 in Ranged Weapons
 15069 | Lair:4   | Reached skill level 9 in Throwing
 15069 | Lair:4   | Reached skill level 9 in Armour
 15069 | Lair:4   | Reached skill level 9 in Shields
 15069 | Lair:4   | Reached skill level 9 in Unarmed Combat
 15069 | Lair:4   | Reached skill level 9 in Evocations
 15203 | Lair:4   | Reached skill level 10 in Stealth
 15528 | Lair:5   | Entered Level 5 of the Lair of Beasts
 15634 | Lair:5   | Reached skill level 10 in Invocations
 15634 | Lair:5   | Reached XP level 14. HP: 79/108 MP: 28/28
 15712 | Lair:5   | Reached skill level 8 in Conjurations
 15812 | Lair:5   | Noticed a dire elephant
 15822 | Lair:5   | Killed a dire elephant
 16017 | Lair:5   | Found a staircase to the Slime Pits.
 16226 | Lair:5   | Reached skill level 8 in Hexes
 16226 | Lair:5   | Reached skill level 8 in Summonings
 16226 | Lair:5   | Reached skill level 8 in Necromancy
 16226 | Lair:5   | Reached skill level 8 in Translocations
 16226 | Lair:5   | Reached skill level 8 in Fire Magic
 16226 | Lair:5   | Reached skill level 8 in Ice Magic
 16226 | Lair:5   | Reached skill level 8 in Air Magic
 16226 | Lair:5   | Reached skill level 8 in Earth Magic
 17319 | D:11     | Reached skill level 11 in Spellcasting
 17319 | D:11     | Reached skill level 9 in Shapeshifting
 17533 | D:11     | Found a staircase to the Orcish Mines.
 17560 | D:11     | Found a roughly hewn altar of Beogh.
 17972 | Orc:1    | Entered Level 1 of the Orcish Mines
 17977 | Orc:1    | Reached skill level 10 in Alchemy
 18103 | Orc:1    | Reached skill level 11 in Dodging
 18324 | Orc:1    | Found a roughly hewn altar of Beogh.
 18415 | Orc:2    | Entered Level 2 of the Orcish Mines
 18415 | Orc:2    | Found a staircase to the Elven Halls.
 18463 | Orc:2    | Reached skill level 10 in Fighting
 18463 | Orc:2    | Reached skill level 10 in Short Blades
 18463 | Orc:2    | Reached skill level 10 in Long Blades
 18463 | Orc:2    | Reached skill level 10 in Axes
 18463 | Orc:2    | Reached skill level 10 in Maces & Flails
 18463 | Orc:2    | Reached skill level 10 in Polearms
 18463 | Orc:2    | Reached skill level 10 in Staves
 18463 | Orc:2    | Reached skill level 10 in Ranged Weapons
 18463 | Orc:2    | Reached skill level 10 in Throwing
 18463 | Orc:2    | Reached skill level 10 in Armour
 18463 | Orc:2    | Reached skill level 10 in Shields
 18463 | Orc:2    | Reached skill level 10 in Unarmed Combat
 18463 | Orc:2    | Reached skill level 10 in Evocations
 18527 | Orc:2    | Noticed Saint Roka
 18534 | Orc:2    | Killed Saint Roka
 18535 | Orc:2    | Reached skill level 11 in Invocations
 18535 | Orc:2    | Reached XP level 15. HP: 66/115 MP: 15/30
 18539 | Orc:2    | Reached skill level 11 in Stealth
 18835 | Orc:2    | Found a roughly hewn altar of Beogh.
 18844 | Orc:2    | Found Jiargh's General Store.
 18880 | Orc:2    | Found Todezainan's Antique Armour Shoppe.
 18904 | Orc:2    | Found Yjamin's Book Shoppe.
 19028 | Orc:2    | Reached skill level 9 in Conjurations
 19063 | Orc:2    | Found a large runed translucent door.
 19100 | Orc:2    | Found a large runed translucent door.
 19103 | Orc:2    | Noticed kal9871's ghost (journeyman CoGl)
 20194 | Orc:2    | Found Oresh's Antique Weapon Shoppe.
 20475 | Orc:2    | Bought a book of Lightning for 648 gold pieces
 20480 | Orc:2    | Learned a level 4 spell: Vhi's Electric Charge
 20486 | Orc:2    | Learned a level 5 spell: Arcjolt
 20493 | Orc:2    | Learned a level 6 spell: Plasma Beam
 20526 | Orc:2    | Killed kal9871's ghost
 20571 | Orc:2    | Identified the ring of Propriety {Ice rElec}
 21803 | Orc:2    | Bought a smoking leather armour for 280 gold pieces
 21803 | Orc:2    | Identified the +0 leather armour of Ruhiarum {+Blink rCorr}
                  | (You bought it in a shop on level 2 of the Orcish Mines)
 22144 | D:8      | Killed antlorb's ghost
 22189 | D:8      | Got the ring "Ibrunull" {Fire ^Drain rElec rPois rCorr}
 22395 | D:13     | Found a runed translucent gate.
 22395 | D:13     | Found a runed translucent gate.
 22396 | D:13     | Found a runed translucent gate.
 22398 | D:13     | Found the +8 Wrath of Trog {antimagic, *Rage Rampage}
 22398 | D:13     | Noticed Dyre's ghost (journeyman DjFE)
 22412 | D:13     | Reached skill level 9 in Hexes
 22412 | D:13     | Reached skill level 9 in Summonings
 22412 | D:13     | Reached skill level 9 in Necromancy
 22412 | D:13     | Reached skill level 9 in Translocations
 22412 | D:13     | Reached skill level 9 in Fire Magic
 22412 | D:13     | Reached skill level 9 in Ice Magic
 22412 | D:13     | Reached skill level 9 in Air Magic
 22412 | D:13     | Reached skill level 9 in Earth Magic
 23001 | D:13     | Found an iron altar of Okawaru.
 23496 | D:14     | Reached skill level 10 in Shapeshifting
 23684 | D:14     | Reached skill level 12 in Spellcasting
 23684 | D:14     | Reached XP level 16. HP: 124/124 MP: 32/32
 23751 | D:14     | Found a gate to the Vaults.
 23960 | D:14     | Found Fieguzes's Magic Scroll Shop.
 23963 | D:14     | Bought a scroll of teleportation for 51 gold pieces
 23963 | D:14     | Bought a scroll of silence for 161 gold pieces
 23963 | D:14     | Bought a scroll of enchant armour for 127 gold pieces
 23963 | D:14     | Bought a scroll of blinking for 127 gold pieces
 23963 | D:14     | Bought a scroll of fear for 68 gold pieces
 23963 | D:14     | Bought a scroll of identify for 34 gold pieces
 24096 | D:14     | Identified the +8 chain mail of Ygrit {Int+3}
 24239 | D:15     | Entered Level 15 of the Dungeon
 24249 | D:15     | Reached skill level 11 in Fighting
 24249 | D:15     | Reached skill level 11 in Short Blades
 24249 | D:15     | Reached skill level 11 in Long Blades
 24249 | D:15     | Reached skill level 11 in Axes
 24249 | D:15     | Reached skill level 11 in Maces & Flails
 24249 | D:15     | Reached skill level 11 in Polearms
 24249 | D:15     | Reached skill level 11 in Staves
 24249 | D:15     | Reached skill level 11 in Ranged Weapons
 24249 | D:15     | Reached skill level 11 in Throwing
 24249 | D:15     | Reached skill level 11 in Armour
 24249 | D:15     | Reached skill level 11 in Shields
 24249 | D:15     | Reached skill level 11 in Unarmed Combat
 24249 | D:15     | Reached skill level 11 in Evocations
 24373 | D:15     | Reached skill level 12 in Invocations
 24562 | D:15     | Reached skill level 12 in Dodging
 25027 | D:15     | Found a staircase to the Depths.
 25401 | D:13     | Reached skill level 12 in Stealth
 25607 | D:13     | Killed Dyre's ghost
 25649 | D:13     | Reached skill level 11 in Alchemy
 25741 | D:13     | Identified the +0 ring mail of Stained Birdsong {Regen+
                  | Slay+5}
 26011 | Lair:2   | Found a staircase to the Swamp.
 26023 | Swamp:1  | Entered Level 1 of the Swamp
 26566 | Swamp:1  | Noticed a fenstrider witch
 26567 | Swamp:1  | Killed a fenstrider witch
 26760 | Swamp:1  | Noticed Mlioglotl
 26764 | Swamp:1  | Killed Mlioglotl
 26931 | Swamp:1  | Learned a level 5 spell: Borgnjor's Vile Clutch
 27140 | Swamp:1  | Reached skill level 10 in Conjurations
 28157 | Swamp:2  | You fall into a shaft and drop 1 floor!
 28186 | Swamp:3  | Found a transporter.
 28199 | Swamp:3  | Noticed Karaet's ghost (adept MiFi)
 28470 | Swamp:3  | Found a transporter.
 28495 | Swamp:3  | Reached XP level 17. HP: 133/133 MP: 30/33
 28588 | Swamp:3  | Reached skill level 10 in Hexes
 28588 | Swamp:3  | Reached skill level 10 in Summonings
 28588 | Swamp:3  | Reached skill level 10 in Necromancy
 28588 | Swamp:3  | Reached skill level 10 in Translocations
 28588 | Swamp:3  | Reached skill level 10 in Fire Magic
 28588 | Swamp:3  | Reached skill level 10 in Ice Magic
 28588 | Swamp:3  | Reached skill level 10 in Air Magic
 28588 | Swamp:3  | Reached skill level 10 in Earth Magic
 28591 | Swamp:3  | Noticed Jorgrun
 28599 | Swamp:3  | Killed Jorgrun
 29199 | Swamp:3  | Found a transporter.
 29218 | Swamp:3  | Found a transporter.
 29644 | Swamp:4  | Entered Level 4 of the Swamp
 29752 | Swamp:4  | Reached skill level 11 in Shapeshifting
 29847 | Swamp:4  | Reached skill level 13 in Invocations
 29885 | Swamp:4  | Reached skill level 12 in Fighting
 29885 | Swamp:4  | Reached skill level 12 in Short Blades
 29885 | Swamp:4  | Reached skill level 12 in Long Blades
 29885 | Swamp:4  | Reached skill level 12 in Axes
 29885 | Swamp:4  | Reached skill level 12 in Maces & Flails
 29885 | Swamp:4  | Reached skill level 12 in Polearms
 29885 | Swamp:4  | Reached skill level 12 in Staves
 29885 | Swamp:4  | Reached skill level 12 in Ranged Weapons
 29885 | Swamp:4  | Reached skill level 12 in Throwing
 29885 | Swamp:4  | Reached skill level 12 in Armour
 29885 | Swamp:4  | Reached skill level 12 in Shields
 29885 | Swamp:4  | Reached skill level 12 in Unarmed Combat
 29885 | Swamp:4  | Reached skill level 12 in Evocations
 30370 | Swamp:4  | Reached skill level 13 in Spellcasting
 31402 | Swamp:4  | Reached skill level 13 in Dodging
 31639 | Swamp:4  | Got a decaying rune of Zot
 31826 | Snake:1  | Entered Level 1 of the Snake Pit
 31906 | Snake:1  | Learned a level 2 spell: Blink
 31986 | Lair:2   | Learned a level 5 spell: Yara's Violent Unravelling
 31993 | Snake:1  | Reached skill level 13 in Stealth
 32078 | Snake:1  | Identified the +0 leather armour "Zeeziylausu" {rPois
                  | Int+3}
 32358 | Snake:1  | Reached XP level 18. HP: 88/141 MP: 9/35
 33285 | Snake:2  | Reached skill level 12 in Alchemy
 34097 | Snake:2  | Reached skill level 11 in Conjurations
 36126 | Snake:3  | Noticed Asterion
 36129 | Snake:3  | Killed Asterion
 36215 | Snake:3  | Reached skill level 14 in Invocations
 36430 | Snake:3  | Reached skill level 11 in Hexes
 36430 | Snake:3  | Reached skill level 11 in Summonings
 36430 | Snake:3  | Reached skill level 11 in Necromancy
 36430 | Snake:3  | Reached skill level 11 in Translocations
 36430 | Snake:3  | Reached skill level 11 in Fire Magic
 36430 | Snake:3  | Reached skill level 11 in Ice Magic
 36430 | Snake:3  | Reached skill level 11 in Air Magic
 36430 | Snake:3  | Reached skill level 11 in Earth Magic
 36708 | Snake:3  | Identified the +1 pair of gloves "Feorifia" {Harm rF+ Int-2
                  | Dex+3}
 36727 | Snake:3  | Reached skill level 13 in Fighting
 36727 | Snake:3  | Reached skill level 13 in Short Blades
 36727 | Snake:3  | Reached skill level 13 in Long Blades
 36727 | Snake:3  | Reached skill level 13 in Axes
 36727 | Snake:3  | Reached skill level 13 in Maces & Flails
 36727 | Snake:3  | Reached skill level 13 in Polearms
 36727 | Snake:3  | Reached skill level 13 in Staves
 36727 | Snake:3  | Reached skill level 13 in Ranged Weapons
 36727 | Snake:3  | Reached skill level 13 in Throwing
 36727 | Snake:3  | Reached skill level 13 in Armour
 36727 | Snake:3  | Reached skill level 13 in Shields
 36727 | Snake:3  | Reached skill level 13 in Unarmed Combat
 36727 | Snake:3  | Reached skill level 13 in Evocations
 36895 | Snake:4  | Entered Level 4 of the Snake Pit
 36994 | Snake:4  | Reached skill level 12 in Shapeshifting
 37657 | Snake:4  | Reached skill level 14 in Spellcasting
 37955 | Snake:4  | Reached XP level 19. HP: 149/149 MP: 29/37
 38096 | Snake:4  | Reached skill level 14 in Dodging
 38226 | Snake:4  | Got a serpentine rune of Zot
 38590 | Snake:4  | Found Arghagg's Antique Armour Boutique.
 38594 | Snake:4  | Bought a shiny helmet for 292 gold pieces
 38636 | Snake:4  | Reached skill level 14 in Stealth
 39256 | Elf:1    | Entered Level 1 of the Elven Halls
 39264 | Elf:1    | Paralysed by an air elemental for 1 turns
 39268 | Elf:1    | Paralysed by an air elemental for 1 turns
 39270 | Elf:1    | Paralysed by an air elemental for 1 turns
 39355 | Elf:1    | Learned a level 5 spell: Silence
 39626 | Elf:1    | Paralysed by an air elemental for 1 turns
 39723 | Elf:1    | Found Ompim's Weapon Shoppe.
 39783 | Elf:1    | Noticed Norris
 39788 | Elf:1    | Killed Norris
 39911 | Elf:1    | Found a huge runed translucent gate.
 39912 | Elf:1    | Found a huge runed translucent gate.
 39912 | Elf:1    | Found a huge runed translucent gate.
 39912 | Elf:1    | Found a huge runed translucent gate.
 39912 | Elf:1    | Found a huge runed translucent gate.
 39913 | Elf:1    | Found a huge runed translucent gate.
 39913 | Elf:1    | Identified the +5 double sword of the Mashing Seeker {pain,
                  | rN+ Dex+3}
 39914 | Elf:1    | Found a huge runed translucent gate.
 39914 | Elf:1    | Found a huge runed translucent gate.
 39915 | Elf:1    | Identified the +2 double sword "Amued" {protect, rCorr
                  | Dex+2}
 40000 | Elf:1    | Found Nugeuq's Armour Emporium.
 41092 | D:11     | Learned a level 4 spell: Passage of Golubria
 41356 | Elf:2    | Paralysed by an air elemental for 1 turns
 41806 | Elf:2    | Reached skill level 15 in Invocations
 42115 | Elf:2    | Reached skill level 12 in Conjurations
 42363 | Elf:2    | Found a runed translucent door.
 42446 | Elf:2    | Identified the ring of Woes {Str+2 Dex+6}
 42575 | Elf:2    | Found a huge runed translucent gate.
 42575 | Elf:2    | Found a huge runed translucent gate.
 42575 | Elf:2    | Found a huge runed translucent gate.
 42576 | Elf:2    | Found a huge runed translucent gate.
 42577 | Elf:2    | Found a huge runed translucent gate.
 42739 | Elf:2    | Reached XP level 20. HP: 130/158 MP: 38/38
 42813 | Elf:3    | Entered Level 3 of the Elven Halls
 42844 | Elf:3    | Reached skill level 13 in Alchemy
 43052 | Elf:3    | Found a portal to a secret trove of treasure.
 43067 | Elf:3    | Noticed Donald
 43068 | Elf:3    | Killed Donald
 43081 | Elf:3    | Reached skill level 14 in Fighting
 43081 | Elf:3    | Reached skill level 14 in Short Blades
 43081 | Elf:3    | Reached skill level 14 in Long Blades
 43081 | Elf:3    | Reached skill level 14 in Axes
 43081 | Elf:3    | Reached skill level 14 in Maces & Flails
 43081 | Elf:3    | Reached skill level 14 in Polearms
 43081 | Elf:3    | Reached skill level 14 in Staves
 43081 | Elf:3    | Reached skill level 14 in Ranged Weapons
 43081 | Elf:3    | Reached skill level 14 in Throwing
 43081 | Elf:3    | Reached skill level 14 in Armour
 43081 | Elf:3    | Reached skill level 14 in Shields
 43081 | Elf:3    | Reached skill level 14 in Unarmed Combat
 43081 | Elf:3    | Reached skill level 14 in Evocations
 44201 | Elf:3    | Identified the +5 war axe "Xeytt" {speed, rCorr Int+4}
 44292 | Elf:3    | Found a runed translucent door.
 44295 | Elf:3    | Noticed Luqutot's ghost (adept MiFi)
 45357 | Elf:3    | Reached skill level 13 in Shapeshifting
 45383 | Elf:3    | Reached skill level 12 in Hexes
 45383 | Elf:3    | Reached skill level 12 in Summonings
 45383 | Elf:3    | Reached skill level 12 in Necromancy
 45383 | Elf:3    | Reached skill level 12 in Translocations
 45383 | Elf:3    | Reached skill level 12 in Fire Magic
 45383 | Elf:3    | Reached skill level 12 in Ice Magic
 45383 | Elf:3    | Reached skill level 12 in Air Magic
 45383 | Elf:3    | Reached skill level 12 in Earth Magic
 45898 | Elf:3    | Reached skill level 15 in Spellcasting
 46556 | Elf:3    | Identified the +4 chain mail of the Centaur {rCorr}
 47411 | Elf:3    | Reached skill level 15 in Dodging
 47522 | Elf:3    | Got the Vademecum on Battle Magic
 47528 | Elf:3    | Identified the +2 longbow of Ifeyc {freeze, MP+9 Int-3
                  | Dex+3 SInv}
 47701 | Elf:1    | Bought the +6 scale mail of Fimmoac Kox {rC+ MP+9} for 1271
                  | gold pieces
 47857 | Vaults:1 | Entered Level 1 of the Vaults
 48028 | Vaults:1 | Reached skill level 15 in Stealth
 48312 | Vaults:1 | Identified a scroll of acquirement
 48348 | Vaults:1 | Acquired 986 gold pieces
 48943 | Vaults:1 | Reached XP level 21. HP: 159/166 MP: 18/40
 48958 | Vaults:1 | Gained mutation: You occasionally lose the ability to read
                  | scrolls when taking damage. [a shining eye]
 49116 | Vaults:1 | Identified the +2 falchion "Ogre's Bane" {flame, rF+ rN+
                  | Will+}
 49772 | Vaults:1 | Found Vaom's Magic Scroll Shop.
 49775 | Vaults:1 | Bought a scroll of enchant armour for 142 gold pieces
 49778 | Vaults:1 | Bought a scroll of teleportation for 57 gold pieces
 50117 | Vaults:2 | Reached skill level 16 in Invocations
 50948 | Vaults:2 | Found a staircase to the Crypt.
 51067 | Vaults:2 | Found Pisuemet's Antique Weapon Emporium.
 51108 | Vaults:2 | Bought a buzzing scimitar for 279 gold pieces
 51108 | Vaults:2 | Identified the +8 scimitar "Imp's Regret" {speed, ^Drain
                  | rC+++ Int+2} (You bought it in a shop on level 2 of the
                  | Vaults)
 51836 | Vaults:3 | Reached skill level 15 in Fighting
 51836 | Vaults:3 | Reached skill level 15 in Short Blades
 51836 | Vaults:3 | Reached skill level 15 in Long Blades
 51836 | Vaults:3 | Reached skill level 15 in Axes
 51836 | Vaults:3 | Reached skill level 15 in Maces & Flails
 51836 | Vaults:3 | Reached skill level 15 in Polearms
 51836 | Vaults:3 | Reached skill level 15 in Staves
 51836 | Vaults:3 | Reached skill level 15 in Ranged Weapons
 51836 | Vaults:3 | Reached skill level 15 in Throwing
 51836 | Vaults:3 | Reached skill level 15 in Armour
 51836 | Vaults:3 | Reached skill level 15 in Shields
 51836 | Vaults:3 | Reached skill level 15 in Unarmed Combat
 51836 | Vaults:3 | Reached skill level 15 in Evocations
 52041 | Vaults:3 | Reached skill level 13 in Conjurations
 52332 | Vaults:3 | Reached skill level 14 in Shapeshifting
 52597 | Vaults:3 | Reached skill level 14 in Alchemy
 52905 | Vaults:3 | Reached skill level 16 in Spellcasting
 52907 | Vaults:3 | Reached skill level 13 in Hexes
 52907 | Vaults:3 | Reached skill level 13 in Summonings
 52907 | Vaults:3 | Reached skill level 13 in Necromancy
 52907 | Vaults:3 | Reached skill level 13 in Translocations
 52907 | Vaults:3 | Reached skill level 13 in Fire Magic
 52907 | Vaults:3 | Reached skill level 13 in Ice Magic
 52907 | Vaults:3 | Reached skill level 13 in Air Magic
 52907 | Vaults:3 | Reached skill level 13 in Earth Magic
 52910 | Vaults:3 | Reached XP level 22. HP: 165/175 MP: 27/42
 53441 | Vaults:4 | Reached skill level 16 in Dodging
 53904 | Vaults:4 | Reached skill level 16 in Stealth
 53989 | Vaults:4 | Found Pel Iwuv's Weapon Shoppe.
 54072 | Vaults:4 | Identified the +4 hand cannon of Calamity {freeze, +Blink
                  | Fly Will+}
 54452 | Vaults:4 | Identified the death talisman "Lusoaca" {Will+ rCorr Str+2
                  | Dex-4}
 54784 | Vaults:4 | Got the Grimoire of Imprecation
 55067 | Vaults:4 | Learned a level 6 spell: Dispersal
 55309 | Depths:1 | Entered Level 1 of the Depths
 55568 | Depths:1 | Found a one-way gate to the infinite horrors of the Abyss.
 55693 | Depths:1 | Found Beivoikh's General Store.
 55693 | Depths:1 | Found Yrphaim's Jewellery Boutique.
 55772 | Depths:1 | Reached skill level 17 in Invocations
 55853 | Depths:1 | Found a gateway to Hell.
 56053 | Depths:1 | Identified the +2 pair of gloves of Analysis {rF+ rCorr
                  | Dex+3}
 56053 | Depths:1 | Noticed Nikola
 56066 | Depths:1 | Killed Nikola
 56199 | Depths:1 | Found Comy's Vocational Training.
 56262 | Depths:1 | Found Guwelix's Jewellery Shoppe.
 56857 | Depths:1 | Reached XP level 23. HP: 164/183 MP: 10/43
 57063 | Depths:2 | Found Olaberhe's Jewellery Boutique.
 57067 | Depths:2 | Found a one-way gateway to a ziggurat.
 57275 | Depths:2 | Reached skill level 16 in Fighting
 57275 | Depths:2 | Reached skill level 16 in Short Blades
 57275 | Depths:2 | Reached skill level 16 in Long Blades
 57275 | Depths:2 | Reached skill level 16 in Axes
 57275 | Depths:2 | Reached skill level 16 in Maces & Flails
 57275 | Depths:2 | Reached skill level 16 in Polearms
 57275 | Depths:2 | Reached skill level 16 in Staves
 57275 | Depths:2 | Reached skill level 16 in Ranged Weapons
 57275 | Depths:2 | Reached skill level 16 in Throwing
 57275 | Depths:2 | Reached skill level 16 in Armour
 57275 | Depths:2 | Reached skill level 16 in Shields
 57275 | Depths:2 | Reached skill level 16 in Unarmed Combat
 57275 | Depths:2 | Reached skill level 16 in Evocations
 57350 | Depths:2 | Identified the amulet "Ufrih" {Reflect Harm rElec Int+7
                  | Slay-2 SH+5}
 57405 | Depths:2 | Found a shimmering blue altar of Sif Muna.
 57502 | Depths:2 | Identified the +11 great sword of the Open Hand {vamp,
                  | Int+5}
 57672 | Depths:2 | Found a one-way gate leading to the halls of Pandemonium.
 57798 | Depths:3 | Paralysed by an air elemental for 1 turns
 57805 | Depths:3 | Paralysed by an air elemental for 1 turns
 58122 | Depths:4 | Entered Level 4 of the Depths
 58370 | Depths:4 | Noticed a caustic shrike
 58375 | Depths:4 | Killed a caustic shrike
 58375 | Depths:4 | Noticed a caustic shrike
 58377 | Depths:4 | Noticed a caustic shrike
 58379 | Depths:4 | Killed a caustic shrike
 58380 | Depths:4 | Noticed a caustic shrike
 58381 | Depths:4 | Noticed a caustic shrike
 58383 | Depths:4 | Killed a caustic shrike
 58383 | Depths:4 | Killed a caustic shrike
 58383 | Depths:4 | Killed a caustic shrike
 58384 | Depths:4 | Reached skill level 14 in Conjurations
 58384 | Depths:4 | Reached skill level 15 in Shapeshifting
 58389 | Depths:4 | Reached skill level 17 in Spellcasting
 58795 | Depths:4 | Identified the ring of Onwiovvo {Ice rN+ SInv}
 58795 | Depths:4 | Noticed Josephina
 58798 | Depths:4 | Killed Josephina
 59029 | Depths:4 | Reached skill level 17 in Dodging
 59037 | Depths:4 | Reached skill level 14 in Hexes
 59037 | Depths:4 | Reached skill level 14 in Summonings
 59037 | Depths:4 | Reached skill level 14 in Necromancy
 59037 | Depths:4 | Reached skill level 14 in Translocations
 59037 | Depths:4 | Reached skill level 14 in Fire Magic
 59037 | Depths:4 | Reached skill level 14 in Ice Magic
 59037 | Depths:4 | Reached skill level 14 in Air Magic
 59037 | Depths:4 | Reached skill level 14 in Earth Magic
 59106 | Depths:4 | Found a gate to the Realm of Zot.
 59825 | Crypt:1  | Entered Level 1 of the Crypt
 60333 | Crypt:1  | Reached skill level 15 in Alchemy
 60342 | Crypt:1  | Reached skill level 17 in Stealth
 60723 | Crypt:1  | Found a huge runed translucent gate.
 60723 | Crypt:1  | Found a huge runed translucent gate.
 60723 | Crypt:1  | Found a huge runed translucent gate.
 60725 | Crypt:1  | Found a huge runed translucent gate.
 60726 | Crypt:1  | Found a huge runed translucent gate.
 60726 | Crypt:1  | Found a huge runed translucent gate.
 60726 | Crypt:1  | Found a huge runed translucent gate.
 60753 | Crypt:1  | Found a huge runed translucent gate.
 60753 | Crypt:1  | Found a huge runed translucent gate.
 60917 | Crypt:2  | Identified the orb "Lamni" {*channel, Regen+ Str-4 Int+6
                  | Conj}
 60917 | Crypt:2  | Noticed Frederick
 60926 | Crypt:2  | Killed Frederick
 61065 | Crypt:2  | Noticed Sojobo
 61075 | Crypt:2  | Reached skill level 18 in Invocations
 61075 | Crypt:2  | Reached XP level 24. HP: 173/193 MP: 11/44
 61077 | Crypt:2  | Killed Sojobo
 61752 | Crypt:3  | Entered Level 3 of the Crypt
 61846 | Crypt:3  | Found a staircase to the Tomb.
 62279 | Crypt:3  | Identified the +5 dagger of Cheibriados's Esteem {drain,
                  | rPois Str+4}
 62521 | Crypt:3  | Noticed Mennas
 62533 | Crypt:3  | Killed Mennas
 63175 | Crypt:3  | Reached skill level 17 in Fighting
 63175 | Crypt:3  | Reached skill level 17 in Short Blades
 63175 | Crypt:3  | Reached skill level 17 in Long Blades
 63175 | Crypt:3  | Reached skill level 17 in Axes
 63175 | Crypt:3  | Reached skill level 17 in Maces & Flails
 63175 | Crypt:3  | Reached skill level 17 in Polearms
 63175 | Crypt:3  | Reached skill level 17 in Staves
 63175 | Crypt:3  | Reached skill level 17 in Ranged Weapons
 63175 | Crypt:3  | Reached skill level 17 in Throwing
 63175 | Crypt:3  | Reached skill level 17 in Armour
 63175 | Crypt:3  | Reached skill level 17 in Shields
 63175 | Crypt:3  | Reached skill level 17 in Unarmed Combat
 63175 | Crypt:3  | Reached skill level 17 in Evocations
 63551 | Crypt:3  | Got the Lessons on Lamentation
 63568 | Crypt:3  | Identified the +5 sling of Imbalance {heavy, rCorr Dex+3}
 64081 | Depths:2 | Bought the amulet of Vitality {RegenMP++ Regen++} for 2200
                  | gold pieces
 64081 | Depths:2 | Found the amulet of Vitality {RegenMP++ Regen++}
 64580 | Depths:1 | Learned a level 4 spell: Dispel Undead
 64859 | Vaults:5 | Entered Level 5 of the Vaults
 64861 | Vaults:5 | Noticed a dread lich
 64861 | Vaults:5 | Found the +8 arc blade {discharge, rElec}
 64891 | Vaults:5 | Killed a dread lich
 65546 | Vaults:5 | Noticed an ancient lich
 65549 | Vaults:5 | Killed an ancient lich
 65551 | Vaults:5 | Identified the +5 mace of Wrath {flame, rElec Str+4 Stlth-}
 65576 | Vaults:5 | Reached XP level 25. HP: 195/201 MP: 33/44
 65610 | Vaults:5 | Reached skill level 16 in Shapeshifting
 65731 | Vaults:5 | Reached skill level 18 in Spellcasting
 65815 | Vaults:5 | Identified the ring of Huetaw {rC+ AC+4}
 65909 | Vaults:5 | Reached skill level 15 in Conjurations
 65993 | Vaults:5 | Identified the +7 hand axe of Callousness {speed, rElec}
 66007 | Vaults:5 | Reached skill level 18 in Dodging
 66145 | Vaults:5 | Found Waeckav's Jewellery Shoppe.
 66230 | Vaults:5 | Identified the +3 whip of Babluem {freeze, rElec rPois rF+
                  | Stlth+}
 66322 | Vaults:5 | Reached skill level 18 in Stealth
 66322 | Vaults:5 | Reached skill level 19 in Invocations
 66371 | Vaults:5 | Identified the staff "Sosas" {rPois Int+2 Alchemy}
 66464 | Vaults:5 | Reached skill level 15 in Hexes
 66464 | Vaults:5 | Reached skill level 15 in Summonings
 66464 | Vaults:5 | Reached skill level 15 in Necromancy
 66464 | Vaults:5 | Reached skill level 15 in Translocations
 66464 | Vaults:5 | Reached skill level 15 in Fire Magic
 66464 | Vaults:5 | Reached skill level 15 in Ice Magic
 66464 | Vaults:5 | Reached skill level 15 in Air Magic
 66464 | Vaults:5 | Reached skill level 15 in Earth Magic
 66609 | Vaults:5 | Learned a level 5 spell: Irradiate
 66611 | Vaults:5 | Got The Ultimate Guide to Casting
 66614 | Vaults:5 | Got a silver rune of Zot
 67830 | D:12     | Learned a level 8 spell: Maxwell's Capacitive Coupling
 68035 | Zot:1    | Entered Level 1 of the Realm of Zot
 68739 | Zot:1    | Reached skill level 16 in Alchemy
 69066 | Zot:1    | Identified the +0 pair of gloves of the Fletcher {Int+2
                  | Slay+2 SInv}
 69852 | Elf:3    | You paid a toll of 9 potions of haste to enter a treasure
                  | trove
 69853 | Trove    | Entered a treasure trove
 69870 | Trove    | Identified the +4 longbow of Quantum Leap {freeze, Fly
                  | rElec Dex+2 SInv}
 70562 | Zot:3    | Noticed a Killer Klown
 70568 | Zot:3    | Killed a Killer Klown
 70864 | Zot:5    | Entered Level 5 of the Realm of Zot
 71019 | Zot:5    | Found Fomuom's CLEARANCE SALE!.
 71027 | Zot:5    | Bought 3 scrolls of fog for 48 gold pieces
 71221 | Zot:5    | Reached XP level 26. HP: 196/211 MP: 28/45
 71412 | Zot:5    | Reached skill level 18 in Fighting
 71412 | Zot:5    | Reached skill level 18 in Short Blades
 71412 | Zot:5    | Reached skill level 18 in Long Blades
 71412 | Zot:5    | Reached skill level 18 in Axes
 71412 | Zot:5    | Reached skill level 18 in Maces & Flails
 71412 | Zot:5    | Reached skill level 18 in Polearms
 71412 | Zot:5    | Reached skill level 18 in Staves
 71412 | Zot:5    | Reached skill level 18 in Ranged Weapons
 71412 | Zot:5    | Reached skill level 18 in Throwing
 71412 | Zot:5    | Reached skill level 18 in Armour
 71412 | Zot:5    | Reached skill level 18 in Shields
 71412 | Zot:5    | Reached skill level 18 in Unarmed Combat
 71412 | Zot:5    | Reached skill level 18 in Evocations
 72357 | Zot:5    | Noticed a Killer Klown
 72361 | Zot:5    | Killed a Killer Klown
 72439 | Zot:5    | Noticed an orb of fire
 72441 | Zot:5    | Gained mutation: You are clumsy. (Dex -2) [an orb of fire]
 72445 | Zot:5    | Killed an orb of fire
 73000 | Zot:5    | Noticed a dread lich
 73333 | Zot:5    | Killed a dread lich
 73573 | Zot:5    | Noticed an ancient lich
 73579 | Zot:5    | Killed an ancient lich
 74401 | Zot:5    | Noticed a Killer Klown
 74402 | Zot:5    | Killed a Killer Klown
 75018 | Zot:5    | Noticed a dread lich
 75022 | Zot:5    | Killed a dread lich
 75032 | Zot:5    | Noticed a Killer Klown
 75034 | Zot:5    | Killed a Killer Klown
 75378 | Zot:5    | Noticed a Killer Klown
 75383 | Zot:5    | Killed a Killer Klown
 75934 | Zot:5    | Noticed a Killer Klown
 75943 | Zot:5    | Reached skill level 19 in Spellcasting
 75943 | Zot:5    | Reached skill level 17 in Shapeshifting
 75946 | Zot:5    | Killed a Killer Klown
 76118 | Zot:5    | Noticed an orb of fire
 76123 | Zot:5    | Killed an orb of fire
 76124 | Zot:5    | Reached skill level 20 in Invocations
 76464 | Zot:5    | Reached skill level 19 in Dodging
 76722 | Zot:5    | Noticed a Killer Klown
 76731 | Zot:5    | Killed a Killer Klown
 77358 | Zot:5    | Got the Orb of Zot
 77449 | Zot:1    | Reached skill level 19 in Stealth
 77457 | Zot:1    | Reached skill level 16 in Conjurations
 77952 | D:$      | Escaped with the Orb!

Illustrated notes

Levels and vault maps discovered:
D:1:      giann_bridges, layout_basic, serial_shops, nicolae_shop_peninsula
D:2:      layout_loops_ring, grunt_ministairs_10, feat_on_display
D:3:      layout_loops_ring, serial_bayou_ford_a
D:4:      layout_rooms, serial_undead, serial_undead_e, serial_undead_b,
          serial_undead_c, serial_undead_f, chequers_ossuary_entry_cave
D:5:      layout_cave_pools, slow_altar_1, mainiacjoe_overflow_six_doors_small,
          minmay_temple_entry_hall
D:6:      layout_gridville, kennysheep_mini,
          mainiacjoe_overflow_concentric_impassable, portal_sewer_entry_a
D:7:      layout_rooms
D:8:      layout_gridville, gammafunk_ghost_icy, uniq_pikel
D:9:      nicolae_cairo_tiling_very_big, layout_loops_ring,
          mainiacjoe_overflow_swirl, lemuel_doored_altar,
          kennysheep_generic_room_5
D:10:     layout_cave_pods, nicolae_ru_awakened_eye, lemuel_crystal_altar,
          nicolae_elyvilon_peaceful_grove
D:11:     layout_cross, minmay_orc_entry_temple_small
D:12:     layout_cave_pods
D:13:     layout_roguey [special_room_bee], gammafunk_ghost_fury_of_okawaru
D:14:     layout_small_grid, grunt_vaults_entry_tiered, serial_shops,
          nicolae_shop_rolled_up, minmay_misc_feat_rows
D:15:     grunt_enter_depths_magical_seal, layout_loops_ring,
          minmay_crystal_water
Lair:1:   beast_lair_carwin_large_4, layout_chaotic_city,
          grunt_forest_large_clearing_hut, serial_bayou_shore_b,
          serial_bayou_shore_a, uniq_maggie
Lair:2:   minmay_lair_venomous_thicket, layout_long_grid,
          palyth_hydra_swamp_entry, nicolae_snake_entry_squirm,
          grunt_forest_stairs_clearing, uniq_sonja
Lair:3:   layout_cave_pods
Lair:4:   layout_roguey, st_stairs_4, grunt_megastairs_3
Lair:5:   gammafunk_lair_ancient_temple, layout_cave_shapes, slime_entry_1
Swamp:1:  layout_basic_swamp, evilmike_swamp_ruin_house_2, swamp_pool_1_2,
          hangedman_swamp_phenomena, uniq_mlioglotl
Swamp:2:  layout_falls_marsh, evilmike_swamp_ruin_house_3,
          nicolae_swamp_long_stream
Swamp:3:  layout_basic_swamp, gammafunk_ghost_berserking_beasts,
          hangedman_swamp_ruin_hall, uniq_jorgrun
Swamp:4:  swamp_vile, layout_basic_swamp
Snake:1:  layout_gridlike, grunt_megastairs_5
Snake:2:  layout_layer_cave, grunt_megastairs_1
Snake:3:  layout_misc_corridors, serial_library_hellmonk_open_cross,
          uniq_asterion
Snake:4:  snake_hunt, layout_layer_cave, st_stairs_8,
          nicolae_twisty_statue_hallways, minmay_shop_star, lemuel_fruit_tree
Orc:1:    layout_caves, basic_altar
Orc:2:    grunt_orc_cross, layout_caves, ebering_ghost_disaster_area,
          elves_outpost_lemuel
Elf:1:    nicolae_elf_arrival_aired_out, layout_loops_cross, serial_shops,
          nicolae_shop_mannequins, nicolae_shop_pleasant_corner_grove,
          evilmike_minifort, minmay_strange_pillars,
          nicolae_elf_double_double_double_trouble, uniq_norris
Elf:2:    elven_hall_of_blades_hangedman_alternative
          [nicolae_blade_entry_sentries_behind_glass], layout_gridlike,
          library_closet, minivault_25_ag, minivault_13
Elf:3:    grunt_elf_hall_asides, layout_geoelf_diagonals,
          ebering_ghost_reflecting_pool, nicolae_trove_entry_free_sample,
          lemuel_flamethrower_3, uniq_donald
Vaults:1: v_rooms_1, hangedman_vaults_slither, grunt_vaults_hallway_long,
          v_misc_27, nicolae_vaults_house_1, nicolae_vaults_ninety_degrees,
          nicolae_vaults_minivaults, grunt_vaults_focal,
          nicolae_vaults_circle_grid_b, ontoclasm_vaults_decontamination,
          layout_vaults_chaotic_city, serial_shops, nicolae_shop_rolled_up
Vaults:2: nicolae_vaults_diagonal_hallway_8, v_misc_30,
          nicolae_vaults_closet_pinwheel_6, grunt_vaults_swirl, v_misc_10,
          ontoclasm_vaults_tryst, v_misc_4, v_misc_17,
          nicolae_vaults_network_periphery, nicolae_vaults_house_3,
          nicolae_vaults_rhombus_6, vaults_room_pool, layout_vaults_ring,
          serial_shops, shop
Vaults:3: ontoclasm_vaults_hangar, v_misc_2, nicolae_vaults_heart-shaped_vault,
          nicolae_vaults_diamond_2, nicolae_vaults_wine_cellar,
          nicolae_vaults_storage_closets_2, v_alt_pattern_4, v_misc_4,
          nicolae_vaults_theta, vaults_room_door_hall, nicolae_vaults_diamond_1,
          ontoclasm_vaults_ring_square, layout_vaults_omnibox, uniq_margery
Vaults:4: vaults_room_door_ring, hangedman_vaults_unwind,
          nicolae_vaults_heart-shaped_vault, nicolae_vaults_trapezoid_1,
          hangedman_vaults_restitches, nicolae_vaults_more_shelving_2,
          grunt_vaults_hallway_short, hangedman_vaults_nails, v_misc_17,
          nicolae_vaults_yaktaur_gun_rack, layout_vaults_omnigrid, serial_shops,
          shop
Vaults:5
Crypt:1:  cheibrodos_crypt_3hun_7po, layout_chaotic_city,
          grunt_crypt_arrival_guarded_gate
Crypt:2:  layout_misc_corridors, uniq_frederick, uniq_saint_roka, uniq_sojobo
Crypt:3:  due_elkab, layout_chaotic_city, uniq_mennas
Depths:1: layout_twisted_cross, grunt_mini_vestibule,
          nicolae_abyss_entry_one_way_or_another, nicolae_titane,
          minmay_shop_enchanted_jewellery, nicolae_shop_vocational,
          minmay_shoptagon, uniq_nikola
Depths:2: kennysheep_green_arena, layout_cave_pools, enter_ziggurat_c,
          pf_coc_iceberg, grunt_pan_entry_sceptre,
          hellmonk_sif_muna_bookshelves, serial_shops, nicolae_square_shop
Depths:3: radiant_caverns_a_rkd, hell_entry, abyss_entry
Depths:4: evilmike_zot_entry_basic, layout_cave_shapes,
          abyss_entry_small_statue_room, nicolae_concentric_dashed_squares_wild,
          hell_entry, serial_bayou_shore_b, grunt_megastairs_2, uniq_josephina
Zot:1:    layout_gridville
Zot:2:    layout_gridlike, hangedman_zot_decor_checkerboard,
          hangedman_hellfire_club
Zot:3:    layout_cathedral_of_symmetry
Zot:4:    layout_cellular_growth, skrybe_zot_glass_3
Zot:5:    layout_gridlike, grunt_ministairs_3, nicolae_shop_clearance

Skill      XL: |  1  2  3  4  5  6  7  8  9 10 11 12 13 14 15 16 17 18 19 20 21 22 23 24 25 26 |
---------------+-------------------------------------------------------------------------------+-----
Conjurations   | 2 3 4 5 6 7 8 9 10 11 12 13 14 15 16 | 16.0
Spellcasting   | 5 6 7 8 9 10 11 12 13 14 15 16 17 18 19 | 19.1
Invocations    | 1 2 3 4 5 6 7 8 10 11 12 13 14 15 16 17 18 19 20 | 20.1
Fighting       | 1 2 3 5 6 7 8 9 10 11 12 13 14 15 16 17 18 | 18.6
Short Blades   | 1 2 3 5 6 7 8 9 10 11 12 13 14 15 16 17 18 | 18.6
Long Blades    | 1 2 3 5 6 7 8 9 10 11 12 13 14 15 16 17 18 | 18.6
Axes           | 1 2 3 5 6 7 8 9 10 11 12 13 14 15 16 17 18 | 18.6
Maces & Flails | 1 2 3 5 6 7 8 9 10 11 12 13 14 15 16 17 18 | 18.6
Polearms       | 1 2 3 5 6 7 8 9 10 11 12 13 14 15 16 17 18 | 18.6
Staves         | 1 2 3 5 6 7 8 9 10 11 12 13 14 15 16 17 18 | 18.6
Ranged Weapons | 1 2 3 5 6 7 8 9 10 11 12 13 14 15 16 17 18 | 18.6
Throwing       | 1 2 3 5 6 7 8 9 10 11 12 13 14 15 16 17 18 | 18.6
Armour         | 1 2 3 5 6 7 8 9 10 11 12 13 14 15 16 17 18 | 18.6
Shields        | 1 2 3 5 6 7 8 9 10 11 12 13 14 15 16 17 18 | 18.6
Unarmed Combat | 1 2 3 5 6 7 8 9 10 11 12 13 14 15 16 17 18 | 18.6
Evocations     | 1 2 3 5 6 7 8 9 10 11 12 13 14 15 16 17 18 | 18.6
Shapeshifting  | 1 2 3 4 5 6 7 8 9 10 11 12 13 14 15 16 17 | 17.2
Hexes          | 1 2 3 4 5 6 7 8 9 10 11 12 13 14 15 | 15.8
Summonings     | 1 2 3 4 5 6 7 8 9 10 11 12 13 14 15 | 15.8
Necromancy     | 1 2 3 4 5 6 7 8 9 10 11 12 13 14 15 | 15.8
Translocations | 1 2 3 4 5 6 7 8 9 10 11 12 13 14 15 | 15.8
Fire Magic     | 1 2 3 4 5 6 7 8 9 10 11 12 13 14 15 | 15.8
Ice Magic      | 1 2 3 4 5 6 7 8 9 10 11 12 13 14 15 | 15.8
Air Magic      | 1 2 3 4 5 6 7 8 9 10 11 12 13 14 15 | 15.8
Earth Magic    | 1 2 3 4 5 6 7 8 9 10 11 12 13 14 15 | 15.8
Dodging        | 5 6 7 8 9 10 11 12 13 14 15 16 17 18 19 | 19.1
Stealth        | 5 6 7 8 9 10 11 12 13 14 15 16 17 18 19 | 19.0
Alchemy        | 6 7 8 9 10 11 12 13 14 15 16 | 16.6

Action                     |  1- 3 |  4- 6 |  7- 9 | 10-12 | 13-15 | 16-18 | 19-21 | 22-24 | 25-27 || total
---------------------------+-------+-------+-------+-------+-------+-------+-------+-------+-------++-------
  Melee: Spear             |    21 |    15 |       |       |       |       |       |       |       ||    36
         Dagger            |       |    81 |   233 |       |       |       |       |       |       ||   314
         Bite              |       |    13 |    44 |    19 |    45 |    16 |    36 |     4 |       ||   177
         Halberd           |       |       |       |    61 |       |       |       |       |       ||    61
         Trident           |       |       |       |    47 |   332 |       |   162 |    22 |       ||   563
         Staff             |       |       |       |       |    34 |    76 |    13 |       |       ||   123
   Fire: Shortbow          |       |       |    99 |     4 |       |       |       |       |       ||   103
         Orcbow            |       |       |       |    46 |       |       |       |       |       ||    46
         Hand cannon       |       |       |       |       |       |       |       |   163 |    51 ||   214
  Throw: Javelin           |       |       |       |       |       |     3 |       |       |       ||     3
         Boomerang         |       |       |       |       |       |       |    12 |     5 |       ||    17
   Cast: Sting             |    41 |    59 |    49 |     9 |     1 |       |       |       |       ||   159
         Mercury Vapours   |     1 |     3 |     3 |     3 |       |       |       |       |       ||    10
         Olgreb's Toxic Ra |       |     4 |    60 |    99 |   178 |     7 |       |       |       ||   348
         Sticky Flame      |       |       |     7 |    44 |    42 |       |       |       |       ||    93
         Plasma Beam       |       |       |       |       |    46 |   347 |   447 |   531 |   369 ||  1740
         Arcjolt           |       |       |       |       |     9 |   112 |    33 |    92 |     3 ||   249
         Borgnjor's Vile C |       |       |       |       |       |    12 |    28 |    11 |     1 ||    52
         Passage of Golubr |       |       |       |       |       |       |     4 |       |     2 ||     6
         Yara's Violent Un |       |       |       |       |       |       |       |     4 |       ||     4
         Dispel Undead     |       |       |       |       |       |       |       |     3 |    15 ||    18
         Irradiate         |       |       |       |       |       |       |       |       |    14 ||    14
         Maxwell's Capacit |       |       |       |       |       |       |       |       |     3 ||     3
         Silence           |       |       |       |       |       |       |       |       |     1 ||     1
 Invoke: Slouch            |       |       |       |     3 |    12 |     5 |     2 |    14 |    13 ||    49
         Bend Time         |       |       |       |     1 |     1 |       |       |       |       ||     2
         Temporal Distorti |       |       |       |     3 |     7 |       |       |       |       ||    10
  Evoke: Wand              |       |       |     2 |     4 |     3 |     7 |     2 |    11 |       ||    29
         Phial of floods   |       |       |       |       |     1 |     2 |     1 |     1 |       ||     5
         Lightning rod     |       |       |       |       |       |     5 |     3 |       |       ||     8
         Tin of tremorston |       |       |       |       |       |       |       |     2 |       ||     2
    Use: Scroll            |     4 |     4 |    10 |     4 |    14 |     6 |     6 |     4 |     6 ||    58
         Potion            |       |       |       |       |     1 |     1 |       |     3 |     4 ||     9
   Stab: Sleeping          |       |     1 |     1 |     1 |     3 |     1 |     1 |       |       ||     8
         Distracted        |       |       |       |       |     2 |       |     1 |       |       ||     3
 Armour: Robe              |    10 |     9 |       |       |       |       |       |       |       ||    19
         Leather armour    |       |    39 |   188 |   161 |   177 |       |       |       |       ||   565
         Ring mail         |       |       |       |       |    20 |   146 |    94 |       |       ||   260
         Scale mail        |       |       |       |       |       |       |    44 |   165 |   116 ||   325
  Dodge: Dodged            |    24 |    65 |   248 |   260 |   424 |   182 |   177 |   230 |   144 ||  1754
  Block: Buckler           |       |       |       |       |     2 |    59 |       |       |       ||    61
         Kite shield       |       |       |       |       |       |    30 |   221 |   399 |   193 ||   843
         Tower shield      |       |       |       |       |       |    88 |    23 |       |       ||   111

Table legend: (Time is in decaauts)
 A = Elapsed time spent in this place.
 B = Non-inter-level travel time spent in this place.
 C = Inter-level travel time spent in this place.
 D = Time resting spent in this place.
 E = Time spent auto-exploring this place.
 F = Levels seen in this place.
 G = Mean time per level.
                   A        B        C        D        E       F      G
               +--------+--------+--------+--------+--------+-----+--------+
         Total | 112734 |  97265 |  15469 |  19973 |  63120 |  53 | 2127.1 |
       Dungeon |  25626 |  19228 |   6398 |   1401 |  14919 |  15 | 1708.4 |
          Lair |  11853 |   9943 |   1910 |    210 |   8292 |   5 | 2370.6 |
         Swamp |   8546 |   8074 |    472 |   2312 |   5006 |   4 | 2136.5 |
     Snake Pit |  10496 |   9879 |    617 |   2079 |   6625 |   4 | 2624.0 |
  Orcish Mines |   4071 |   3526 |    545 |    462 |   2517 |   2 | 2035.5 |
   Elven Halls |  10611 |   9387 |   1224 |   3682 |   4494 |   3 | 3537.0 |
        Vaults |  15319 |  13750 |   1569 |   1202 |  10458 |   5 | 3063.8 |
         Crypt |   5955 |   5657 |    298 |    360 |   4216 |   3 | 1985.0 |
        Depths |   7728 |   6006 |   1722 |   1423 |   3738 |   4 | 1932.0 |
           Zot |  10725 |  10015 |    710 |   6142 |   2487 |   5 | 2145.0 |
         Trove |     79 |     79 |      0 |      0 |      0 |   1 |   79.0 |
         Sewer |    934 |    934 |      0 |    336 |    366 |   1 |  934.0 |
       Ossuary |    785 |    785 |      0 |    364 |      0 |   1 |  785.0 |
               +--------+--------+--------+--------+--------+-----+--------+

Top non-repeatable levels by time:
   Zot:5: 7243 daAuts
   Elf:3: 4792 daAuts
Vaults:1: 3763 daAuts
 Snake:2: 3518 daAuts
   Elf:1: 3459 daAuts
Vaults:5: 3335 daAuts
 Swamp:3: 3062 daAuts
    D:14: 3057 daAuts
 Crypt:3: 2984 daAuts
Vaults:2: 2949 daAuts
 Snake:4: 2926 daAuts
Depths:1: 2841 daAuts
Vaults:4: 2836 daAuts
     D:9: 2801 daAuts
   Orc:2: 2765 daAuts

Table legend:
 A = Kills in this place as a percentage of kills in the entire game.
 B = Kills by you in this place as a percentage of kills by you in the entire game.
 C = Kills by friends in this place as a percentage of kills by friends in the entire game.
 D = Other kills in this place as a percentage of other kills in the entire game.
 E = Experience gained in this place as a percentage of experience gained in the entire game.
 F = Experience gained in this place divided by the number of levels of this place that you have seen.
                   A       B       C       D       E      F
               +-------+-------+-------+-------+-------+----------------------
         Total | 100.0 | 100.0 | 100.0 | 100.0 | 100.0 | 23702.0
       Dungeon |  19.6 |  19.6 |   0.0 |   0.0 |   5.2 | 4380.2
          Lair |   9.8 |   9.9 |   0.0 |   0.0 |   5.1 | 12766.0
         Swamp |   5.8 |   5.8 |   0.0 |   0.0 |   5.5 | 17154.0
     Snake Pit |   9.5 |   9.4 |  50.0 |   0.0 |   8.9 | 28073.5
  Orcish Mines |   5.7 |   5.7 |  50.0 |   0.0 |   2.3 | 14367.0
   Elven Halls |   7.1 |   7.1 |   0.0 |   0.0 |   9.3 | 39049.0
        Vaults |  18.9 |  18.8 |   0.0 |  66.7 |  25.7 | 64449.6
         Crypt |   7.7 |   7.7 |   0.0 |  33.3 |   9.4 | 39179.3
        Depths |   7.4 |   7.4 |   0.0 |   0.0 |  11.7 | 36750.0
           Zot |   6.3 |   6.3 |   0.0 |   0.0 |  16.9 | 42399.4
         Sewer |   1.2 |   1.2 |   0.0 |   0.0 |   0.0 | 568.0
       Ossuary |   1.0 |   1.0 |   0.0 |   0.0 |   0.0 | 529.0
               +-------+-------+-------+-------+-------+----------------------
